Workbook

Sheet 表紙※
B6: 建築設計チェックリスト
B19: 46327
B21: 福岡市財政局技術監理部技術監理課

Sheet 実施設計ﾌﾛ-ﾁｬ-ﾄ※
A2: 実施設計チェックフローチャート

Sheet ﾁｪｯｸﾘｽﾄ要領※
A2: 建築設計チェックリスト要領
A4: １．本チェックリストの目的
B6: (１）成果品の品質の向上
C7: 社会資本整備を推進する上で、建築設計コンサルタント業務の成果は、最も重要な要素であり、その良否の完成に重大な影響を与えることになる。このため、受注者が本チェックリストによりチェックすることを義務づけ、成果品の品質向上と正確性を確保する。
B10: (２）担当技術者の資質の向上
C11: 業務量の増加、業務内容の複雑化、多様化が進む一方で、担当技術者の不足、相対的な資質の低下が懸念されており、本チェックリストを活用することを通して、技術者の資質の向上を図る。
B14: (３）基本事項の統一による効率化
C15: 実施設計においては、本チェックリストの各事項の確認を受注者に義務づけるものとするため、基本事項の統一により設計の効率化を図る。
B18: (４）工程管理
C19: 受注者が設計の過程（現地調査・関係法令チェック・図面作成・設計積算及び最終段階）で、工程に沿って的確に業務を実行しているかを確認することが目的である。なお、監督員が成果品の品質について適否を判断するものではないので注意すること。
A22: ２．内容の構成及び実施要領
B23: (１) チェックリストの構成
B39: (２）実施設計チェックフローチャート
C40: 実施設計委託業務の契約から完了までの流れを整理したもので、受注者が実施する設計チェックの主要な区切りと発注者・受注者双方の関連を明示したものである。
B43: (３）建築設計チェックリスト
C44: 本チェックリストは、受注者が作成し発注者に提出するものとする。
B46: １） 第１編 設計図面チェックリスト
C48: Ａ．項目別数量一覧
C50: Ｂ．設計チェック項目一覧
C51: 実施設計チェックフローチャートに従って、設計の主要な区切り毎に受注者が実施すべき基本的な項目を一覧表に整理したもの。
D52: ア．業務内容から判断して該当対象項目を抽出し「対象」欄にチェック□✓を付ける。
D53: イ．設計内容のチェックを完了した項目について「設計チェック」欄にチェック□✓を付け、「確認実施日」に確認した日付を記入する。
D54: ウ．根拠となる資料名やページを「根拠等」欄に記入する。
D55: エ．チェックを実施した内容が記載されている箇所やチェックの結果判明した要確認事項などについて「備考」欄に記入する。
D56: オ．発注者に提出し、チェック状況の報告を行う。
B58: ２） 第２編 積算チェックリスト
D59: 積算チェックリストは、国土交通省大臣官房官庁営繕部計画課作成の「営繕工事積算チェックマニュアル」の建築工事編（新営・改修工事）の最新版を利用する。
D60: （出典：国土交通省ホームページ： | E60: http://www.mlit.go.jp/gobuild/shiryou_sekisan_unnyou.htm | F60: ）
C62: Ａ．数量算出チェックリスト
C63: 受注者(設計事務所等)が積算数量算出書作成時に、積算すべき仕様･規格ごとの項目や数量積算上留意すべき事項について確認するためのチェック項目。 | D63: 受注者(設計事務所等)が積算数量算出書作成時に、積算すべき仕様･規格ごとの項目や数量積算上留意すべき事項について確認するためのチェック項目。
C64: ① | D64: 数量算出チェックリストの確認欄
D65: 管理技術者においては、全体の確認を行い、主任担当技術者（積算）及び担当技術者（積算）は、以下の記入を行い確認する。
D66: 仕 ： 担当技術者（積算）が特記仕様書等と設計図書の確認時に記入する
D67: 数 ： 担当技術者（積算）が積算数量算出書の確認時に記入する
D68: ▼ ： 主任担当技術者（積算）が確認時に記入する
C70: Ｂ．積算数量調書チェックリスト
D71: 受注者（設計事務所等）が積算数量調書作成時に、積算すべき仕様・規格ごとの項目や数量積算上留意すべき事項について確認するためのチェック項目。
C72: ① | D72: 積算数量調書チェックリストの確認欄
D73: 管理技術者においては、全体の確認を行い、主任担当技術者（積算）及び担当技術者（積算）は、以下の記入を行い確認する。
D74: 数 ： 担当技術者（積算）が積算数量算出書の確認時に記入する
D75: ▼ ： 主任担当技術者（積算）が確認時に記入する
C77: Ｃ．数量チェックシート | D77: 数量チェックシート
C78: 受注者(設計事務所等)が積算数量調書作成時に計上する積算数量について、過去の工事等から算出された数値指標と、比較確認するための計算シート。 | D78: 受注者(設計事務所等)が積算数量調書作成時に計上する積算数量について、過去の工事等から算出された数値指標と、比較確認するための 計算シート。
C79: ① | D79: チェック項目
D81: 事務庁舎（ＲＣ造）を想定した積算数量調書に記載されている工種毎の代表となる細目の数量の妥当性を確認するため整備したものでチェック細目とそのチェックの確認内容を記載したものである。
C84: ② | D84: 数量チェックシ－トの運用上の注意
D86: 建築工事の数量チェックは、建築面積や延床面積当たりの数量や略算方式に基づいて行われている。 数量チェックシートは、過去の事務庁舎（ＲＣ造）の実績データを基に建築面積や延床面積当たりの数量を分析し、標準的な目安の数値として示している。なお、異なる用途の建物であっても準用しチェックを行うことができる。建築物は、固有性が高いため同一規模（面積）の建物であっても様々な要因により単位面積当たりの数量に相違が見られる。従って、チェックシートに基づきチェックした判定が、ＮＯであっても計算ミスがない限り間違いではなく、多めな理由又は少なめな理由をチェックすることが重要であり大切なチェック手法である。建物の躯体、外部仕上げ、内部仕上げ数量の変動要因には様々なものがあり、以下に主な変動要因を示す。
D91: ア．建物の形状
D92: ・平面に凹凸がある場合
D93: 周長率（建物周長／建築面積）が大きくなるにつれ数量が大きくなる。
D94: ・階高
D95: 階高により躯体、外部仕上げ数量に変動を与える。
D96: ・外部開口部
D97: 外部窓の数、窓の形状（単層・連層）により躯体、外部仕上げ数量に変動を与える。
D98: イ．建物用途
D99: 研究施設、住宅施設など間仕切りの多い（部屋数）施設などは、一般的に躯体、内部仕上げ数量が多くなる傾向にある。
D100: ウ．平面形状
D101: 延床面積に含まれない部分（ピット・槽類、バルコニー・庇）により、躯体、外部、内部仕上げ数量に変動を与える。
C103: ③ | D103: 数量チェックシ－トによる数量チェック
D104: 数量チェックは、営繕工事積算数量チェックシ－トの該当する全てのチェック項目について内訳明細書の数量の転記により行う。
D105: ア．数量チェックが許容範囲内である場合
D106: 数量が許容範囲内もしくは若干の許容範囲外であれば、ほぼ妥当性が確認できるが前記の変動要因を考慮して数量の大小の傾向をチェックすること重要である。
D108: イ．数量チェックが許容範囲内から大きくはずれた場合
D109: 上記アによるチェックによるほか、必要に応じて細部（数量調書）までの確認を行うことが重要であり、以下による。
D110: ・躯体に関連する積算数量（コンクリート、型枠、鉄筋）を階ごと及び部材ごとに整理集計した建築工事躯体集計表により、階別及び部材別の数量のバランスを確認し、異常値がないかの確認を行う。
D112: ・外部仕上げの数量は、変動要因に大く左右されるため必要に応じて概数算出による確認も行う。
D113: ・内部仕上げの床、天井のように延床面積とほぼ等しくなる数量については、仕上げ集計表により各階別仕上げ面積計と各階の床面積との比較により異常値がないかの確認を行う。
A116: ３．その他記載等に当たっての留意事項
D118: ア．各チェック段階において、チェック内容が未定であったり、一度で確認が済まない場合や条件決定が順不同となる場合は、確認が済んだ事項にチェック と日付を記入し、未確認の事項が明確になるよう徹底すること。
D120: イ．一つのチェック項目で複数の関係機関に確認が必要な場合等は、「設計チェック」欄にチェック付け、全ての確認が完了した時点で「確認日」を記入する。
D121: ウ．チェック項目の中に、複数の項目がある場合（例:関係機関協議が複数ある場合）は、必ず「備考」欄又は別紙を用いて確認済み項目が解るようにすること。
D122: エ．チェック内容の項目が漠然としており、発注者の認識に異なる恐れがあると判断する場合は、「備考」欄を用いて具体の確認項目を明示すること。
D123: オ．業務内容、規模、重要度等により、チェック内容項目を追加する必要がある場合等は、様式の最後の「その他」の欄を利用する。
D124: カ．第２編 積算チェックリスト（営繕工事積算チェックマニュアル）を構成する各チェックリストの表紙の作成は省略してもよい。
D125: キ．新営工事と改修工事を一括して発注する工事の場合は、改修工事用のチェックリストを追加して利用する。
A127: ４．提 出 先
C128: 本チェックリストは、工事毎に設計課に提出する。
A130: ５．適 用
C131: 本チェックリストは、福岡市が発注する営繕工事（建築）の実施設計業務委託に適用する。
A133: ６．その他
C134: 本チェックリストは完成図書に添付する。

Sheet 積算基本情報チェックリスト（表紙）
A9: 積算基本情報チェックリスト
A18: 業務名
A22: 施設名
A26: 業務受注者名
A31: 担当者名
B34: 管理技術者:
B38: 主任担当技術者（積算）:
B42: 担当技術者（積算）:

Sheet 積算基本情報チェックリスト 
C1: Ⅰ．基本事項
D2: １．基準類の確認
B3: チェック項目 | G3: チ ェ ッ ク 内 容 | I3: 確認
I4: 仕 | J4: 数 | K4: ▼
D5: 基準類等 | G5: 適用となる設計図書と基準類（適用年度）について確認したか。
G6: 設計図書
G7: ・図面及び仕様書
G8: ・現場説明書
G9: ・図面及び現場説明書に対する質問回答
G10: 建築関係
G11: ・公共建築工事標準仕様書（建築工事編）
G12: ・建築物解体工事共通仕様書
G13: ・建築工事標準詳細図
G14: 積算関係
G15: ・公共建築工事積算基準
G16: ・公共建築工事標準単価積算基準
G17: ・公共建築数量積算基準
... G20: ・公共建築工事積算基準等資料
D22: ２．適用の設計図書の確認
B23: チェック項目 | G23: チ ェ ッ ク 内 容 | I23: 確認
I24: 仕 | J24: 数 | K24: ▼
D25: 工事名 | G25: 工事名を確認したか。
D26: 工事場所 | G26: 工事場所を確認したか。
D27: 工事種目 | G27: 工事種目を確認したか。
G28: 建物・工事種目ごとに数量の拾い分けをしたか。
D29: 工期 | G29: 工期を確認したか。また、工期の始期が設定されている場合は始期も確認したか。
G30: ・工期：令和 年 月 日 （始期：令和 年 月 日）
D31: 指定部分 | G31: 指定部分の有無を確認したか。
G32: ・無し
G33: ・有り 工期：令和 年 月 日
G34: 範囲：
D35: 予算区分 | G35: 予算の区分による拾い分けが必要か発注者に確認したか。
G36: ・無し
G37: ・有り 範囲：
D38: 関連工事 | G38: 本工事以外の関連工事があるか発注者に確認したか。
G39: ・無し
G40: ・有り ( ・ 電気設備工事 ・ 機械設備工事 ・ )
G41: 関連工事がある場合は、仮設の範囲を確認したか。
D42: 発注範囲 | G42: 本工事において(発注しない)別途工事部分があるか確認したか。
G43: ・無し
G44: ・有り 特記仕様書記載 ( ・ ・ )
G45: ・有り 図面記載 ( ・ ・ )

Sheet 数量一覧※
A2: 設計図面チェックリスト
B4: 項目別数量一覧
B5: 工事名： | O5: 棟名：
B6: 工事種別： ・新築 ・増築 ・改修
B7: 項目 | F7: 単位 | H7: 数量 | L7: 項目 | P7: 単位 | R7: 数量
B8: 建築面積： | F8: ㎡ | L8: １階床面積
B9: 外壁周長 | F9: ｍ | L9: ２階床面積
B10: 高さ | F10: ｍ | L10: 3階床面積
L11: ４階床面積
L12: 延面積
B13: 外部足場 | F13: 架㎡ | L13: 鉄筋量 | P13: 所要ｔ
B14: 根切り | F14: ｍ3 | L14: 圧接 | P14: か所
B15: 最大根切り深さ | F15: m | L15: コンクリート量 | P15: ｍ3
B16: 床付け面積 | F16: ㎡ | L16: 捨てコンクリート量 | P16: ｍ3
B17: 割石、砂利地業 | F17: ｍ3 | L17: 型枠 | P17: ｍ3
L18: 鉄骨 | P18: 所要ｔ
L19: 溶接長さ
B20: 軽量鉄骨壁下地 | L20: 床仕上げ面積 | P20: ㎡
B21: 軽量鉄骨天井下地 | L21: 内装仕上げ面積 | M21: タイル | P21: ㎡
B22: 内装塗装面積 | C22: 壁 | F22: ㎡ | M22: ボード | P22: ㎡
C23: 天井 | F23: ㎡ | M23: モルタル塗り | P23: ㎡
C24: 建具 | F24: ㎡ | M24: 吹付け | P24: ㎡
M25: その他
C26: 計 | M26: 計
B27: 建具面積 | C27: 内部 | F27: ㎡ | L27: 壁張り物面積 | P27: ㎡
C28: 外部 | F28: ㎡ | L28: 天井仕上げ面積 | P28: ㎡
C29: 計 | L29: 天井張り上げ面積 （梁型除く） | P29: ㎡
B30: 土工量総括表
B31: 工種 棟名 | T31: 計
B32: Ａ | C32: 根 切 り
C33: 埋戻し（購入土）
C34: 盛り土（購入土）
B35: Ｂ | C35: 埋 戻 し
C36: 盛 り 土
C37: 発生土処分
B38: 計 （Ａ - Ｂ）

Sheet 設計チェック項目※
B3: 設計チェック項目一覧
B4: 記 入 例
B6: 【対象欄】業務内容から判断して該当対象項目を抽出し「対象」欄にチェック□✓を付ける。
B7: 【 〃 】 該当しない項目については、□を×印でチェックする。
B8: 【設計ﾁｪｯｸ欄】設計内容のチェックを完了した項目について「設計チェック」欄にチェック□✓を付け、「確認実施日」に確認した日付を記入する。
B10: （一般事項）
B11: チェック項目 | C11: 根拠等 | E11: 受注者 | G11: 確認 | H11: 留意点 | J11: 備考
C12: （資料名・ペ－ジ等を記入） | E12: 対象 | F12: 設計ﾁｪｯｸ | G12: 実施日 | J12: ※結果、記載箇所等を記入する。
B13: 敷地境界線の確認はしたか | C13: 現地にて確認 | E13: ☑ | F13: ☑ | G13: 5／10 | J13: 折点６箇所
B14: 墓地はないか | C14: 市より確認 | E14: □ | F14: □ | G14: 5／10
B15: 近隣状況の確認はしたか | C15: 現地にて確認 | E15: ☑ | F15: ☑ | G15: 5／10
B16: 地質調査は必要ないか | C16: 議事録○月○日 | E16: □ | F16: □ | G16: 5／６ | J16: Ｐ５
B17: 地下水位は確認したか | C17: 市より資料提供有り | E17: ☑ | F17: ☑ | G17: 5／６
B18: 古い井戸はないか | C18: 現地にて確認 | E18: □ | F18: □ | G18: 5／10
B19: 埋蔵文化財調査区域内か | C19: 教育委員会にて確認 | E19: □ | F19: □ | G19: 5／1５
B20: 擁壁の安全性は確認をしたか | C20: 市より資料提供有り | E20: ☑ | F20: ☑ | G20: 5／６ | J20: 開発の検査済書(写)
B21: 水路の架橋は必要ないか | C21: 現地にて確認（水路無し） | E21: □ | F21: □ | G21: 5／10
B22: 舗道の切り下げの必要はないか | E22: □ | F22: □ | G22: ／
B23: 都市計画道路の位置は確認したか | E23: □ | F23: □ | G23: ／
B24: 既存ブロック塀の改修等は必要か | E24: □ | F24: □ | G24: ／
B25: 地下埋設物及び高圧線等はないか | E25: □ | F25: □ | G25: ／
B26: 現行法令に適合しているか | E26: □ | F26: □ | G26: ／
B27: 解体建物の玉おろしは必要か | E27: □ | F27: □ | G27: ／
B28: 新耐震基準に適合しているか | E28: □ | F28: □ | G28: ／
B29: 過去において許可建築物か | E29: □ | F29: □ | G29: ／
B30: 既存図及び構造計算書はあるか | E30: □ | F30: □ | G30: ／
B31: 解体建物の設備関係撤去と区分したか | E31: □ | F31: □ | G31: ／
B32: 増築に伴う設備容量を確認したか | E32: □ | F32: □ | G32: ／
B33: 吹き付けアスベストの除去は必要ないか | E33: □ | F33: □ | G33: ／
... B36: ＰＣＢ、フロン、ダイオキシン等はないか | E36: □ | F36: □ | G36: ／
B38: １．一般事項
B40: ◆設計図等について
B41: チェック項目 | C41: 根拠等 | E41: 受注者 | G41: 確認 | H41: 留意点 | J41: 備考
C42: （資料名・ペ－ジ等を記入） | E42: 対象 | F42: 設計ﾁｪｯｸ | G42: 実施日 | J42: ※結果、記載箇所等を記入する。
B43: 設計図面の構成は適切か | E43: □ | F43: □ | G43: ／
B44: 別途工事との施工区分を明確にしているか | E44: □ | F44: □ | G44: ／
B45: 図面の区分けについて検討したか | E45: □ | F45: □ | G45: ／
B46: 図面は「福岡市設計図書作成基準」に基づき作成しているか | E46: □ | F46: □ | G46: ／
B47: 工事種別により添付する特記仕様書は適切なものか | E47: □ | F47: □ | G47: ／
B48: 数量積算ができる内容になっているか | E48: □ | F48: □ | G48: ／
B50: ◆数量について
B51: チェック項目 | C51: 根拠等 | E51: 受注者 | G51: 確認 | H51: 留意点 | J51: 備考
C52: （資料名・ペ－ジ等を記入） | E52: 対象 | F52: 設計ﾁｪｯｸ | G52: 実施日 | J52: ※結果、記載箇所等を記入する。
B53: 数量計算は、「公共建築数量積算基準（令和 年版）」に基づき行ったか | E53: □ | F53: □ | G53: ／
B54: 端数処理の確認をしたか | E54: □ | F54: □ | G54: ／
B55: 図面，特記仕様書との整合を行ったか | E55: □ | F55: □ | G55: ／
B69: ２．敷地関連等調査事項
B71: （法令関係）
B72: チェック項目 | C72: 根拠等 | E72: 受注者 | G72: 確認 | H72: 留意点 | J72: 備考
C73: （資料名・ペ－ジ等を記入） | E73: 対象 | F73: 設計ﾁｪｯｸ | G73: 実施日 | J73: ※結果、記載箇所等を記入する。
B74: 用途地域は確認したか | E74: □ | F74: □ | G74: ／
B75: 防火地域等の確認はしたか | E75: □ | F75: □ | G75: ／
B76: その他の地区指定等の確認はしたか | E76: □ | F76: □ | G76: ／
B77: 敷地のうち道路とみなされる部分（セットバック） | E77: □ | F77: □ | G77: ／
B78: 敷地等と道路の関係 | E78: □ | F78: □ | G78: ／
B79: 道路内の建築制限 | E79: □ | F79: □ | G79: ／
B80: 建ペイ率、容積率の確認はしたか | E80: □ | F80: □ | G80: ／
B81: 第一種低層住居専用地域内における外壁の後退距離 | E81: □ | F81: □ | G81: ／
B82: 第一種低層住居専用地域内における建築物の高さの限度 | E82: □ | F82: □ | G82: ／
B83: 建築物の各部分の高さ（道路斜線） | E83: □ | F83: □ | G83: ／
B84: 建築物の各部分の高さ（隣地斜線） | E84: □ | F84: □ | G84: ／
B85: 建築物の各部分の高さ（北側斜線） | E85: □ | F85: □ | G85: ／
... B90: 計画通知の提出はしたか | E90: □ | F90: □ | G90: ／
B92: （一般事項）
B93: チェック項目 | C93: 根拠等 | E93: 受注者 | G93: 確認 | H93: 留意点 | J93: 備考
C94: （資料名・ペ－ジ等を記入） | E94: 対象 | F94: 設計ﾁｪｯｸ | G94: 実施日 | J94: ※結果、記載箇所等を記入する。
B95: 敷地境界線の確認はしたか | E95: □ | F95: □ | G95: ／
B96: 墓地はないか | E96: □ | F96: □ | G96: ／
B97: 近隣状況の確認はしたか | E97: □ | F97: □ | G97: ／
B98: 地質調査は必要ないか | E98: □ | F98: □ | G98: ／
B99: 地下水位は確認したか | E99: □ | F99: □ | G99: ／
B100: 古い井戸はないか | E100: □ | F100: □ | G100: ／
B101: 埋蔵文化財調査区域内か | E101: □ | F101: □ | G101: ／
B102: 擁壁の安全性は確認をしたか | E102: □ | F102: □ | G102: ／
B103: 水路の架橋は必要ないか | E103: □ | F103: □ | G103: ／
B104: 舗道の切り下げの必要はないか | E104: □ | F104: □ | G104: ／
B105: 都市計画道路の位置は確認したか | E105: □ | F105: □ | G105: ／
B106: 既存ブロック塀の改修等は必要か | E106: □ | F106: □ | G106: ／
B107: 地下埋設物及び高圧線等はないか | E107: □ | F107: □ | G107: ／
B109: （既存建物）
B110: チェック項目 | C110: 根拠等 | E110: 受注者 | G110: 確認 | H110: 留意点 | J110: 備考
C111: （資料名・ペ－ジ等を記入） | E111: 対象 | F111: 設計ﾁｪｯｸ | G111: 実施日 | J111: ※結果、記載箇所等を記入する。
B112: 現行法令に適合しているか | E112: □ | F112: □ | G112: ／
B113: 解体建物の玉おろしは必要か | E113: □ | F113: □ | G113: ／
B114: 新耐震基準に適合しているか | E114: □ | F114: □ | G114: ／
B115: 過去において許可建築物か | E115: □ | F115: □ | G115: ／
B116: 既存図及び構造計算書はあるか | E116: □ | F116: □ | G116: ／
B117: 解体建物の設備関係撤去と区分したか | E117: □ | F117: □ | G117: ／
B118: 増築に伴う設備容量を確認したか | E118: □ | F118: □ | G118: ／
B119: 吹き付けアスベストの除去は必要ないか | E119: □ | F119: □ | G119: ／
B120: アスベスト含有成形板の撤去はないか | E120: □ | F120: □ | G120: ／
B121: 既存建築物解体の場合、リサイクルの届出は必要ないか | E121: □ | F121: □ | G121: ／
B122: ＰＣＢ、フロン、ダイオキシン等はないか | E122: □ | F122: □ | G122: ／
B123: ３．工事関連調査事項
B125: （ 一般事項）
B126: チェック項目 | C126: 根拠等 | E126: 受注者 | G126: 確認 | H126: 留意点 | J126: 備考
C127: （資料名・ペ－ジ等を記入） | E127: 対象 | F127: 設計ﾁｪｯｸ | G127: 実施日 | J127: ※結果、記載箇所等を記入する。
B128: 現場の道路の交通規制はないか | E128: □ | F128: □ | G128: ／
B129: 敷地まで工事関係車両が進入できるか | E129: □ | F129: □ | G129: ／
B130: 道路占用許可は必要ないか（足場設置可能か） | E130: □ | F130: □ | G130: ／
...

Sheet 基礎チェックリスト（表紙）
A9: 積算基礎チェックリスト
A18: 業務名
A22: 施設名
A26: 業務受注者名
A31: 担当者名
B34: 管理技術者:
B38: 主任担当技術者（積算）:
B42: 担当技術者（積算）:

Sheet 積算基礎チェックリスト
D1: ○ 基礎チェック
B2: チェック項目 | G2: チ ェ ッ ク 内 容 | I2: 確認
I3: 仕 | J3: 数 | K3: ▼
D4: 共通事項 | F4: 【担当技術者】
F5: （意匠）
G6: 数量算出後、自己チェックをおこなったか。
G7: ○抽出チェックをおこなった
G8: （室名： | H8: ）
G9: ○全室チェックをおこなった
G10: 柱・壁厚等の寸法確認は、意匠図と構造図を確認し、不整合の場合は質疑をしたか。
G11: 柱・壁厚等の寸法が不明の場合は質疑をしたか。
G12: X・Y等は、電卓で計算した結果のみを入力せず計算式を記載したか
G13: 1室のみ拾い、室数を乗じている場合、乗じた室数を再確認したか
G14: ○確認した。
G15: ○室数を乗じた計算はしていないが、誤入力がないか確認した。
G16: 自己チェック後、修正した室がある
G17: （室名： | H17: ）
G18: 自己チェックした際、間違いは見当たらなかった。
G19: 自己チェック後、主任技術者へ報告をしたか。
F20: （構造）
G21: 数量算出後、自己チェックをおこなったか
G22: ○抽出チェックをおこなった
G23: （部位： | H23: ）
G24: ○全数チェックをおこなった
G25: 柱・壁厚等の寸法確認は、意匠図と構造図を確認し、不整合の場合は質疑をしたか。
G26: 柱・壁厚等の寸法が不明の場合は質疑をしたか。
G27: 自己チェック後、修正した部位がある
G28: （部位： | H28: ）
G29: 自己チェックした際、間違いは見当たらなかった。
G30: 自己チェック後、主任技術者へ報告をしたか。
F31: 【主任技術者】
G32: 担当技術者から報告をうけたか。
G33: X・Yや配筋等の抽出チェックをしたか
G34: （意匠 室名： | H34: ）
G35: （構造 部位： | H35: ）
G36: 担当技術者へ修正指示をしたか
G37: 指示の主な内容
F38: （ | H38: ）
F39: （ | H39: ）
F40: （ | H40: ）
G41: 管理技術者（又はその代理者）にチェック体制を含め積算業務の報告をしたか。
F42: 【管理技術者】
G43: 主任技術者（又は報告を受けた代理者）からチェック体制を含め積算業務の報告を受けたか
G44: 報告された主な内容
F45: （ | H45: ）
F46: （ | H46: ）
F47: （ | H47: ）
G48: 最終図面による積算がなされたか確認したか（報告を受けたか）
G49: どのような確認をしたか（報告を受けたか）
F50: （ | H50: ）
G51: プロセスチェックとして、積算業務のチェック体制が適正となるよう管理したか
G52: 設計業務と積算業務の連携体制が適正となるよう管理したか
G53: 是正等の指示又は協議をしたか（主な指示又は協議内容）
F54: （ | H54: ）
F55: （ | H55: ）

Sheet 数量算出チェックリスト表紙（新営）
A9: 数量算出チェックリスト
A11: （新営工事用）
A18: 業務名
A22: 施設名
A26: 業務受注者名
A31: 担当者名
B34: 管理技術者:
B38: 主任担当技術者（積算）:
B42: 担当技術者（積算）:

Sheet ●数量算出チェックリスト（新営工事）
C1: Ⅰ．基本事項
D2: 1．数量基準
B3: チェック項目 | G3: チ ェ ッ ク 内 容 | I3: 確認
I4: 仕 | J4: 数 | K4: ▼
D5: 数量 | G5: 数量は、設計数量とする。ただし、計画数量又は所要数量を求める場合は、公共建築数量積算基準に示す方法としたか。
D6: 設計寸法 | G6: 設計寸法は、設計図書に記載された寸法、記載された寸法から計測・計算することのできる寸法及び計測器具により読み取ることのできる寸法としたか。
D7: 単位 | G7: 計測・計算の単位は、原則としてｍ、㎡、ｍ3及びｔとなっているか。 また、少量の施工が点在する場合の数量は、か所等の適切な単位としたか。
D8: 端数処理 | G8: 端数処理は、四捨五入としたか。
D9: 計測寸法 | G9: 計測寸法の単位はｍとし、小数点以下第２位としたか。
C10: Ⅱ．工事費の積算
D11: １ 一般事項
B12: チェック項目 | G12: チ ェ ッ ク 内 容 | I12: 確認
I13: 仕 | J13: 数 | K13: ▼
D14: 一般事項 | G14: 施工量が少量または僅少の場合、施工場所が点在する場合及び工程上連続作業が困難な場合等の単価及び価格は、施工に最低限必要な材料・労務・機械器具等を考慮したか。
G15: 設計変更における基準は、当初設計における工事費積算時の基準としたか。
D17: ２ 仮設
B18: チェック項目 | G18: チ ェ ッ ク 内 容 | I18: 確認
I19: 仕 | J19: 数 | K19: ▼
D20: 共通事項 | G20: 工事規模に対して、工期が適切か確認したか。
G21: 任意仮設の項目について仮設計画図を作成し、適切か確認したうえで算出したか。
G22: 指定仮設の項目について範囲等を確認して算出したか。
G23: 施工条件明示を確認して算出したか。
G24: 工事範囲を分割する場合、仮設を区分をするか確認して算出したか。
G25: 試験・調査の有無を確認して算出したか。
G26: ＶＯＣ測定の有無を確認して算出したか。
G27: 算出する建物が、「一般」、「小規模、複雑」のどちらに該当するか確認して算出したか。
D28: 遣方 | G28: 建築面積にドライエリア、外部階段等の設置部分の面積を加算したか。
G29: 地下階が有る場合や小規模建物の場合に遣方の検討をして算出したか。
D30: 墨出し、 養生、 整理清掃･ 後片付け | G30: 建物の延べ面積（建築物の各階の床面積の合計）で算出したか。
G31: ドライエリア、ベランダ等は区分して算出したか。
D32: 外部足場 | G32: 設計地盤と現状地盤が異なる場合、現状地盤（平均）を基準線として算出したか。
G33: 足場の種類（枠組幅等）により区分して算出したか。
D34: ドライエリア足場 | G34: ドライエリア内の足場を算出したか。
D35: 地足場 | G35: 地足場が必要か確認し、必要な場合、建物の建築面積で算出したか。 ただし、地下面積が建築面積を超える場合、地下部分の水平投影面積を含めて算出したか。
D36: 内部足場 | G36: 躯体工事用及び仕上工事用を区分して算出したか。
G37: ピット、二重スラブ等の場合でも必要か確認して算出したか。
D38: 内部躯体足場 | G38: 鉄筋・型枠足場及び躯体支保工は階高により区分して対象床面積を算出したか。
D39: 内部仕上足場 | G39: 壁仕上げのみの部分を区分して算出したか。
D40: 内部階段足場 | G40: ｢ｎ階建｣の建物において階段室床面積×(n-1)として算出したか。
D41: シャフト内足場 | G41: 各階シャフト内の床面積を合計して算出したか。
D42: 災害防止 | G42: 小幅ネットを算出したか。
G43: 養生防護棚が必要か確認して算出したか。
D45: ３ 土工・地業
D46: ３－１ 土工
B47: チェック項目 | G47: チ ェ ッ ク 内 容 | I47: 確認
I48: 仕 | J48: 数 | K48: ▼
D49: 共通事項 | G49: 土工計画（根切り図等）を作成して算出したか。
G50: （山留め計画、排水計画、構台計画の参考図は作成されているか確認したか。）
G51: 根切り基準線の位置を確認して算出したか。
G52: 土工数量の流用計画を作成して算出した数量に過不足が無いか確認したか。
D53: 整地 | G53: 整地の範囲が指定されているか、すきとり又は切土が必要か確認して算出したか。
D54: 根切り | G54: 根切り基準線から算出したか。
G55: 余幅を算出したか。
D56: 床付け | G56: 基礎、基礎梁下、耐圧盤下等の地業面積で算出したか。（小規模土工を除く機械施工を対象とする）
G57: 盛土部分は除いて算出したか。
D58: 埋戻し | G58: 埋戻しの数量＝根切りの数量－(現状ＧＬ以下の基礎又は地下構築物（ピット含む）の体積 ＋砂利地業の体積＋捨てコンクリートの体積)を確認したか。
D59: 盛土 | G59: 設計ＧＬが根切り基準線より高い場合、盛土を算出したか。
D60: 仮置き土 | G60: 根切り周辺部に仮置きできるか確認し、できない場合は運搬距離ごとに区分して算出したか。
D61: 建設発生土 | G61: 建設発生土の数量＝根切りの数量＋すきとりの数量－(埋戻しの数量＋盛土の数量)を確認したか。
G62: 運搬距離及びダンプトラックの規格ごとに区分して算出したか。
G63: 処分指定場所ごとに区分して算出したか。
D64: 専用仮設 | G64: 山留め等は仮設参考図の指定により算出したか。
D65: 機械運搬 | G65: 必要台数及び回数を算出したか。
D67: ３－２ 地業
B68: チェック項目 | G68: チ ェ ッ ク 内 容 | I68: 確認
I69: 仕 | J69: 数 | K69: ▼
D70: 共通事項 | G70: 材種、規格、工法等に区分して算出したか。
D71: 床下防湿層敷き | G71: 基礎梁際の、のみ込みを確認して算出したか。
D72: 床下断熱材敷き | G72: 基礎梁際の、のみ込みを確認して算出したか。
D73: 既製 コンクリート （鋼製）杭 | G73: 継手について特記仕様書を確認したか。
G74: 杭間ざらいを算出したか。 | O74: 鋼製杭と兼用
G75: 中詰めコンクリートを算出したか。
G76: 建設発生土又は建設汚泥は、工法ごとに区分して算出したか。
G77: 杭頭補強は種別ごとに区分して算出したか。
D78: 場所打ち コンクリート杭 | G78: 杭頭部の余盛りを加算して算出したか。
G79: コンクリートの所要数量算出のための割増し率を確認して算出したか。
G80: 鉄筋の所要数量算出のための割増率を確認して算出したか。 （数量基準では、３％増を標準とする）
G81: 鋼材の所要数量算出のための割増率を確認して算出したか。
D83: ４ 躯体
D84: ４－１鉄筋
B85: チェック項目 | G85: チ ェ ッ ク 内 容 | I85: 確認
I86: 仕 | J86: 数 | K86: ▼
D87: 共通事項 | G87: 【躯体】、【外部仕上】及び【内部仕上】に区分して算出したか。
G88: 規格、形状、寸法等ごとに区分して設計数量で算出したか。
D89: 鉄筋 | G89: 集計表は、①部位別、②階別及び③部材別に作成したか。
G90: 所要数量を求めるときに、割増率（４％）を確認して算出したか。
G91: 床板の出隅及び入り隅補強筋を算出したか。
G92: フックの必要な部位を確認して算出したか。
G93: フープ及びスタラップの鉄筋が小径であることを確認して算出したか。
G94: 床版～梁取合いの受け筋を算出したか。
G95: 開口部、コンクリート貫通箇所等の補強筋を算出したか。
G96: スパイラル筋は、設計数量で算出したか。
D97: スクラップ控除 | G97: 鉄筋の割増数量（所要数量－設計数量）に対し、スクラップを７０％として算出したか。
D98: 継手 | G98: 継手方法について設計図書を確認したか。
G99: ガス圧接は径別に箇所数を算出したか。
D100: スリーブ | G100: 工事区分(建築及び設備)を確認して算出したか。
D102: ４－２ コンクリート
B103: チェック項目 | G103: チ ェ ッ ク 内 容 | I103: 確認
I104: 仕 | J104: 数 | K104: ▼
D105: 共通事項 | G105: 【躯体】、【外部仕上】及び【内部仕上】に区分して算出したか。
...

Sheet 積算数量調書チェックリスト表紙（新営）
A9: 積算数量調書チェックリスト
A11: （新営工事用）
A18: 業務名
A22: 施設名
A26: 業務受注者名
A31: 担当者名
B34: 管理技術者:
B38: 主任担当技術者（積算）:
B42: 担当技術者（積算）:

Sheet ●積算数量調書チェックリスト（新営工事）
C1: Ⅰ．基本事項
D2: １．内訳書の記載内容
D3: チェック項目 | G3: チェック内容 | I3: 確認
I4: 数 | J4: ▼
D5: 種目別内訳書 | G5: 直接工事費の種目を設計図書の表示に従い各工事種目ごとに区分したか。
G6: 全体工事のうち、一部分について全体工期より先に完成を指定した部分(指定部分）等がある場合は、当該部分を区分して記載したか。
D7: 科目別内訳書 | G7: 設計図書の工事種目等を標準として直接工事費を科目に区分しその科目を記載したか。
D8: 中科目別内訳書 | G8: 科目別内訳において区分した科目をさらに主要な構成に従い区分し、その中科目を記載したか。ただし、工事内容等により区分する必要がない場合は、省略したか。
D9: 細目別内訳書 | G9: 各科目あるいは中科目に属する細目ごとに数量を記載したか。
G10: 摘要欄は、材種、材質、形状、寸法、工法、その他単価に対応する条件などを記載したか。
C12: Ⅱ．工事費の積算
D13: １ 一般共通事項
B14: チェック項目 | F14: チ ェ ッ ク 内 容 | I14: 確認
I15: 数 | J15: ▼
D16: 一般事項 | G16: 施工量が少量または僅少の場合、施工場所が点在する場合及び工程上連続作業が困難な場合等の単価及び価格は、施工に最低限必要な材料・労務・機械器具等を考慮したか。
G17: 設計変更における基準は、当初設計における工事費積算時の基準としたか。
D19: ２ 仮設
B20: チェック項目 | F20: チ ェ ッ ク 内 容 | I20: 確認
I21: 数 | J21: ▼
D22: 共通事項 | G22: 項目及び数量は間違いなく転記したか。
G23: 指定仮設の設置期間は設計図書のとおりか。
G24: 計上された項目が、一般、小規模及び複雑に区分したか。
G25: 直接仮設と共通仮設の区分は適切か。
G26: 工事範囲が分割の場合、仮設の区分は適切か。
D27: 外部足場 | G27: 各部位ごとの足場の存置日数は適切か。
G28: 単管本足場採用の場合は、登り桟橋を計上したか。
D29: 内部足場 | G29: 階高によって足場種別を区分したか。
G30: 各部位ごとの足場の存置日数は適切か。
D31: 災害防止 | G31: 安全手摺、養生シート、小幅ネット等計上漏れはないか。
D32: 仮設材運搬 | G32: 計上した仮設材と仮設材運搬の数量は整合しているか。
D34: ３ 土工・地業
D35: ３－１ 土工
B36: チェック項目 | F36: チ ェ ッ ク 内 容 | I36: 確認
I37: 数 | J37: ▼
D38: 共通事項 | G38: 項目及び数量は間違いなく転記したか。
G39: 根切り、埋戻し土、建設発生土等の数量が整合しているか。
D40: 根切り | G40: 人力・機械施工の選択は適切か。
D41: 埋戻し | G41: 埋戻し土の種別は設計図書のとおりか確認したか。
G42: Ａ種及びＤ種の場合、締め固めによる材料の変化率、割増率を考慮したか。
G43: Ｃ種の場合、運搬費、積み込み費（土工機械運搬）は工事範囲か確認したか。
D44: 盛土 | G44: 盛土の種別は設計図書のとおりか確認したか。
G45: Ａ種及びＤ種の場合、締め固めによる材料の変化率、割増率を考慮したか。
G46: Ｃ種の場合、運搬費、積み込み費（土工機械運搬）が工事範囲か確認したか。
D47: 山留め | G47: 鋼材費用を、賃料及び全損を確認のうえで計上したか。
D48: 土工機械運搬 | G48: 機械種別や台数は、施工規模、施工方法及び施工時期を考慮し、適切に計上したか。
D49: 建設発生土 | G49: 建設発生土運搬について、指定された処分地までの運搬距離を確認の上計上したか。
G50: 建設発生土運搬について、自動車専用道路料金は、設計図書に明記された場合、適切に計上したか。
G51: 受入施設用の土工機械を指定された場合は、別途計上したか。
D53: ３－２ 地業
B54: チェック項目 | F54: チ ェ ッ ク 内 容 | I54: 確認
I55: 数 | J55: ▼
D56: 共通事項 | G56: 【地業】、【既製コンクリート杭】及び【場所打ちコンクリート杭】に区分して計上したか。
G57: 項目及び数量は間違いなく転記したか。
G58: 工法及び仕様は設計図書のとおりか。
D59: 砂利地業 | G59: 厚さが３００mmを超えている場合は３００mmごとに締め固めを計上したか。
D60: ラップルコンクリート | G60: 型枠を使用する場合は、「型枠運搬費」を計上したか。
D62: ４ 躯体
D63: ４－１ 鉄筋
B64: チェック項目 | F64: チ ェ ッ ク 内 容 | I64: 確認
I65: 数 | J65: ▼
D66: 共通事項 | G66: 【躯体】、【外部仕上】及び【内部仕上】に区分して計上したか。
G67: 項目及び数量は間違いなく転記したか。
G68: 規格、仕様等は設計図書のとおりか。
D69: 鉄筋（資材） | G69: 所要数量で計上したか。
G70: スパイラル筋は、設計数量で計上したか。
D71: スクラップ控除 | G71: 鉄筋の割増数量（所要数量－設計数量）に対し、スクラップを７０％として算出したか。
D72: 鉄筋加工組立 | G72: 設計数量で計上したか。
G73: 現場加工又は工場加工を確認して計上したか。
G74: 鉄骨造等で土間スラブのみＲＣ造の場合、Ｓ造スラブとして計上したか。
G75: 建物内及び屋上の設備基礎等は、小型構造物として計上したか。
D76: 鉄筋運搬 | G76: 鉄筋運搬は計上したか。また、僅少又は少量の場合の運搬費を検討したか。
D78: ４－２ コンクリート
B79: チェック項目 | F79: チ ェ ッ ク 内 容 | I79: 確認
I80: 数 | J80: ▼
D81: 共通事項 | G81: 【躯体】、【外部仕上】及び【内部仕上】に区分して計上したか。
G82: 項目及び数量は間違いなく転記したか。
G83: コンクリート種別、設計強度、スランプなどは設計図書のとおりか。
D84: コンクリート | G84: 無筋コンクリートの強度を確認したか。
D85: 打設手間 | G85: 打設部位ごと、打設回数ごとに計上したか。
D86: 圧送費 | G86: 基本料金及び圧送料金を計上したか。
D87: 構造体強度補正 | G87: 対象地域及び打設工程を確認して、コンクリート仕様ごとの構造体強度補正を計上したか。
D88: 養生 | G88: 寒冷期（外気温３℃未満）にやむを得ずコンクリート打設を行う場合、養生のための足場、シート等を計上したか。
D90: ４－３ 型枠
B91: チェック項目 | F91: チ ェ ッ ク 内 容 | I91: 確認
I92: 数 | J92: ▼
D93: 共通事項 | G93: 【躯体】、【外部仕上】及び【内部仕上】に区分して計上したか。
G94: 項目及び数量は間違いなく転記したか。
G95: 普通合板型枠、打放し合板型枠等は設計図書のとおりか。
D96: 型枠 | G96: 普通合板型枠、打放し合板型枠等を材料、工法、コンクリート打設部位等に区分し計上したか。
G97: 躯体の型枠は、基礎、地下、地上に区分し、構造別に対応した細目工種を適用したか。
D98: 打放し面補修 | G98: 打放し補修面積と対応する打放し型枠面積は一致したか。
D99: コーン処理 | G99: コーンを使用する場合に、計上したか。
D100: 型枠運搬 | G100: 型枠運搬数量＝普通型枠数量＋打放し型枠数量としたか。
G101: 型枠単価に運搬費が含まれている型枠と区分して計上したか。
G102: 僅少又は少量の場合の運搬費を検討したか。
D104: ４－４ 鉄骨
B105: チェック項目 | F105: チ ェ ッ ク 内 容 | I105: 確認
I106: 数 | J106: ▼
D107: 共通事項 | G107: 【主体鉄骨】及び【附帯鉄骨】に区分して計上したか。
G108: 【工場製作】及び【現場建方】に区分して計上したか。
...

Sheet 数量チェックシート表紙（新営工事）
A9: 数量チェックシート
A11: （新営工事用）
A18: 業務名
A22: 施設名
A26: 業務受注者名
A31: 担当者名
B34: 管理技術者:
B38: 主任担当技術者（積算）:
B42: 担当技術者（積算）:

Sheet 建築工事躯体集計表
B1: 数量チェックシート（建築工事躯体集計表） | U1: 作成年月 | W1: 20●●年 | X1: ●月
A2: 施設名 | Q2: 工事地区 | S2: 階 数 | V2: 平 均 階 高
S3: 地下 | T3: 地上 | U3: ＰＨ | V3: 地下 | W3: 地上 | X3: ＰＨ
A5: 建築面積 | C5: 延床面積 | E5: 床面積(m2) | H5: スパン数(カ所) | J5: 平均スパン(m) | L5: 本体鉄骨総量 | M5: 鉄骨対象延面積 | N5: 鉄骨単位重量 | O5: 溶接延長 | P5: ｔあたり溶接長 | Q5: 基礎根入深さ(m) | T5: 杭 種 別
A6: (m2) | C6: (m2) | E6: 地下 | F6: 地上 | G6: ＰＨ | H6: Ｘ＝ | I6: Ｙ＝ | J6: Ｘ＝ | K6: Ｙ＝ | L6: ｔ | M6: ㎡ | N6: t/㎡ | O6: ｍ | P6: ｍ/t
A7: 4500 | C7: 10000 | N7: =L7/M7 -> #DIV/0! | P7: =O7/L7 -> #DIV/0! | Q7: ＧＬ＝ | T7: 有 | X7: 無
A8: 鉄 筋 | G8: 型 枠
A9: 計 | D9: (t) | E9: kg/延m2 | F9: kg/ｺm3 | H9: 型枠(一般) | I9: 型枠(ｺｰﾝ付) | J9: 打放(A種) | K9: 打放(B種) | L9: 打放(C種)ｺｰﾝ | M9: 打放(C種) | Q9: 計 | S9: (m2) | U9: 型m2/延m2 | W9: 型m2/ｺm3
A10: 基礎部 | D10: =P22 -> 0 | E10: =D10*1000/C7 -> 0 | F10: =Q22 -> #DIV/0! | G10: 平面 | Q10: 基礎部 | S10: =F22 -> 0 | U10: =S10/C7 -> 0 | W10: =S10/D22 -> #DIV/0!
A11: 軸部 | D11: =P79 -> 0 | E11: =D11*1000/C7 -> 0 | F11: =Q79 -> #DIV/0! | G11: 曲面 | Q11: 軸部 | S11: =F79 -> 0 | U11: =S11/C7 -> 0 | W11: =S11/D79 -> #DIV/0!
C13: 材種等 | D13: コンクリート | F13: 型 枠 | H13: 鉄 筋 | R13: 圧 接（ ｶ所 ）
A14: 部材 | D14: m3 | E14: 注)(６) ｺm3/m2 | F14: m2 | G14: 型m2/ｺm3 | H14: D10 | I14: D13 | J14: D16 | K14: D19 | L14: D22 | M14: D25 | N14: D29 | P14: 計(t) | Q14: kg/ｺm3 | R14: D19 | S14: D22 | T14: D25 | U14: D29
B15: 基 礎 | E15: =D15/$A$7 -> 0 | G15: =F15/D15 -> #DIV/0! | P15: =SUM(H15:O15) -> 0 | Q15: =P15*1000/D15 -> #DIV/0!
B16: 床版（土間.最下階床版） | E16: =D16/$A$7 -> 0 | G16: =F16/D16 -> #DIV/0! | P16: =SUM(H16:O16) -> 0 | Q16: =P16*1000/D16 -> #DIV/0!
B17: 耐圧版 | E17: =D17/$A$7 -> 0 | G17: =F17/D17 -> #DIV/0! | P17: =SUM(H17:O17) -> 0 | Q17: =P17*1000/D17 -> #DIV/0!
B18: 地中梁 | E18: =D18/$A$7 -> 0 | G18: =F18/D18 -> #DIV/0! | P18: =SUM(H18:O18) -> 0 | Q18: =P18*1000/D18 -> #DIV/0!
B19: 地中小梁 | E19: =D19/$A$7 -> 0 | G19: =F19/D19 -> #DIV/0! | P19: =SUM(H19:O19) -> 0 | Q19: =P19*1000/D19 -> #DIV/0!
B20: 下部柱 | E20: =D20/$A$7 -> 0 | G20: =F20/D20 -> #DIV/0! | P20: =SUM(H20:O20) -> 0 | Q20: =P20*1000/D20 -> #DIV/0!
B21: 雑(壁） | E21: =D21/$A$7 -> 0 | G21: =F21/D21 -> #DIV/0! | P21: =SUM(H21:O21) -> 0 | Q21: =P21*1000/D21 -> #DIV/0!
A22: 計 | D22: =SUM(D15:D21) -> 0 | E22: =SUM(E15:E21) -> 0 | F22: =SUM(F15:F21) -> 0 | G22: =SUM(G15:G21) -> #DIV/0! | H22: =SUM(H15:H21) -> 0 | I22: =SUM(I15:I21) -> 0 | J22: =SUM(J15:J21) -> 0 | K22: =SUM(K15:K21) -> 0 | ... N22: =SUM(N15:N21) -> 0 | P22: =SUM(P15:P21) -> 0 | Q22: =SUM(Q15:Q21) -> #DIV/0! | R22: =SUM(R15:R21) -> 0 | S22: =SUM(S15:S21) -> 0 | T22: =SUM(T15:T21) -> 0 | U22: =SUM(U15:U21) -> 0
C23: B1F | E23: =D23/$C$7 -> 0 | G23: =F23/D23 -> #DIV/0! | P23: =SUM(H23:N23) -> 0 | Q23: =P23*1000/D23 -> #DIV/0!
C24: 1F | E24: =D24/$C$7 -> 0 | G24: =F24/D24 -> #DIV/0! | P24: =SUM(H24:N24) -> 0 | Q24: =P24*1000/D24 -> #DIV/0!
B25: 上部柱 | C25: 2F | E25: =D25/$C$7 -> 0 | G25: =F25/D25 -> #DIV/0! | P25: =SUM(H25:N25) -> 0 | Q25: =P25*1000/D25 -> #DIV/0!
C26: 3F | E26: =D26/$C$7 -> 0 | G26: =F26/D26 -> #DIV/0! | P26: =SUM(H26:N26) -> 0 | Q26: =P26*1000/D26 -> #DIV/0!
C27: 4F | E27: =D27/$C$7 -> 0 | G27: =F27/D27 -> #DIV/0! | P27: =SUM(H27:N27) -> 0 | Q27: =P27*1000/D27 -> #DIV/0!
C28: PH | E28: =D28/$C$7 -> 0 | G28: =F28/D28 -> #DIV/0! | P28: =SUM(H28:N28) -> 0 | Q28: =P28*1000/D28 -> #DIV/0!
E29: =D29/$C$7 -> 0 | G29: =F29/D29 -> #DIV/0! | P29: =SUM(H29:N29) -> 0 | Q29: =P29*1000/D29 -> #DIV/0!
C30: 小計 | D30: =SUM(D23:D29) -> 0 | E30: =SUM(E23:E29) -> 0 | F30: =SUM(F23:F29) -> 0 | G30: =SUM(G23:G29) -> #DIV/0! | H30: =SUM(H23:H29) -> 0 | I30: =SUM(I23:I29) -> 0 | J30: =SUM(J23:J29) -> 0 | K30: =SUM(K23:K29) -> 0 | ... N30: =SUM(N23:N29) -> 0 | P30: =SUM(P23:P29) -> 0 | Q30: =SUM(Q23:Q29) -> #DIV/0! | R30: =SUM(R23:R29) -> 0 | S30: =SUM(S23:S29) -> 0 | T30: =SUM(T23:T29) -> 0 | U30: =SUM(U23:U29) -> 0
C31: B1F | E31: =D31/$C$7 -> 0 | G31: =F31/D31 -> #DIV/0! | P31: =SUM(H31:N31) -> 0 | Q31: =P31*1000/D31 -> #DIV/0!
C32: 1F | E32: =D32/$C$7 -> 0 | G32: =F32/D32 -> #DIV/0! | P32: =SUM(H32:N32) -> 0 | Q32: =P32*1000/D32 -> #DIV/0!
B33: 大梁 | C33: 2F | E33: =D33/$C$7 -> 0 | G33: =F33/D33 -> #DIV/0! | P33: =SUM(H33:N33) -> 0 | Q33: =P33*1000/D33 -> #DIV/0!
C34: 3F | E34: =D34/$C$7 -> 0 | G34: =F34/D34 -> #DIV/0! | P34: =SUM(H34:N34) -> 0 | Q34: =P34*1000/D34 -> #DIV/0!
C35: 4F | E35: =D35/$C$7 -> 0 | G35: =F35/D35 -> #DIV/0! | P35: =SUM(H35:N35) -> 0 | Q35: =P35*1000/D35 -> #DIV/0!
C36: PH | E36: =D36/$C$7 -> 0 | G36: =F36/D36 -> #DIV/0! | P36: =SUM(H36:N36) -> 0 | Q36: =P36*1000/D36 -> #DIV/0!
E37: =D37/$C$7 -> 0 | G37: =F37/D37 -> #DIV/0! | P37: =SUM(H37:N37) -> 0 | Q37: =P37*1000/D37 -> #DIV/0!
C38: 小計 | D38: =SUM(D31:D37) -> 0 | E38: =SUM(E31:E37) -> 0 | F38: =SUM(F31:F37) -> 0 | G38: =SUM(G31:G37) -> #DIV/0! | H38: =SUM(H31:H37) -> 0 | I38: =SUM(I31:I37) -> 0 | J38: =SUM(J31:J37) -> 0 | K38: =SUM(K31:K37) -> 0 | ... N38: =SUM(N31:N37) -> 0 | P38: =SUM(P31:P37) -> 0 | Q38: =SUM(Q31:Q37) -> #DIV/0! | R38: =SUM(R31:R37) -> 0 | S38: =SUM(S31:S37) -> 0 | T38: =SUM(T31:T37) -> 0 | U38: =SUM(U31:U37) -> 0
C39: B1F | E39: =D39/$C$7 -> 0 | G39: =F39/D39 -> #DIV/0! | P39: =SUM(H39:N39) -> 0 | Q39: =P39*1000/D39 -> #DIV/0!
C40: 1F | E40: =D40/$C$7 -> 0 | G40: =F40/D40 -> #DIV/0! | P40: =SUM(H40:N40) -> 0 | Q40: =P40*1000/D40 -> #DIV/0!
B41: 小梁 | C41: 2F | E41: =D41/$C$7 -> 0 | G41: =F41/D41 -> #DIV/0! | P41: =SUM(H41:N41) -> 0 | Q41: =P41*1000/D41 -> #DIV/0!
C42: 3F | E42: =D42/$C$7 -> 0 | G42: =F42/D42 -> #DIV/0! | P42: =SUM(H42:N42) -> 0 | Q42: =P42*1000/D42 -> #DIV/0!
C43: 4F | E43: =D43/$C$7 -> 0 | G43: =F43/D43 -> #DIV/0! | P43: =SUM(H43:N43) -> 0 | Q43: =P43*1000/D43 -> #DIV/0!
C44: PH | E44: =D44/$C$7 -> 0 | G44: =F44/D44 -> #DIV/0! | P44: =SUM(H44:N44) -> 0 | Q44: =P44*1000/D44 -> #DIV/0!
E45: =D45/$C$7 -> 0 | G45: =F45/D45 -> #DIV/0! | P45: =SUM(H45:N45) -> 0 | Q45: =P45*1000/D45 -> #DIV/0!
C46: 小計 | D46: =SUM(D39:D45) -> 0 | E46: =SUM(E39:E45) -> 0 | F46: =SUM(F39:F45) -> 0 | G46: =SUM(G39:G45) -> #DIV/0! | H46: =SUM(H39:H45) -> 0 | I46: =SUM(I39:I45) -> 0 | J46: =SUM(J39:J45) -> 0 | K46: =SUM(K39:K45) -> 0 | ... N46: =SUM(N39:N45) -> 0 | P46: =SUM(P39:P45) -> 0 | Q46: =SUM(Q39:Q45) -> #DIV/0! | R46: =SUM(R39:R45) -> 0 | S46: =SUM(S39:S45) -> 0 | T46: =SUM(T39:T45) -> 0 | U46: =SUM(U39:U45) -> 0
C47: B1F | E47: =D47/$C$7 -> 0 | G47: =F47/D47 -> #DIV/0! | P47: =SUM(H47:N47) -> 0 | Q47: =P47*1000/D47 -> #DIV/0!
C48: 1F | E48: =D48/$C$7 -> 0 | G48: =F48/D48 -> #DIV/0! | P48: =SUM(H48:N48) -> 0 | Q48: =P48*1000/D48 -> #DIV/0!
B49: 床版 | C49: 2F | E49: =D49/$C$7 -> 0 | G49: =F49/D49 -> #DIV/0! | P49: =SUM(H49:N49) -> 0 | Q49: =P49*1000/D49 -> #DIV/0!
C50: 3F | E50: =D50/$C$7 -> 0 | G50: =F50/D50 -> #DIV/0! | P50: =SUM(H50:N50) -> 0 | Q50: =P50*1000/D50 -> #DIV/0!
C51: 4F | E51: =D51/$C$7 -> 0 | G51: =F51/D51 -> #DIV/0! | P51: =SUM(H51:N51) -> 0 | Q51: =P51*1000/D51 -> #DIV/0!
C52: PH | E52: =D52/$C$7 -> 0 | G52: =F52/D52 -> #DIV/0! | P52: =SUM(H52:N52) -> 0 | Q52: =P52*1000/D52 -> #DIV/0!
E53: =D53/$C$7 -> 0 | G53: =F53/D53 -> #DIV/0! | P53: =SUM(H53:N53) -> 0 | Q53: =P53*1000/D53 -> #DIV/0!
C54: 小計 | D54: =SUM(D39:D45) -> 0 | E54: =SUM(E39:E45) -> 0 | F54: =SUM(F39:F45) -> 0 | G54: =SUM(G39:G45) -> #DIV/0! | H54: =SUM(H39:H45) -> 0 | I54: =SUM(I39:I45) -> 0 | J54: =SUM(J39:J45) -> 0 | K54: =SUM(K39:K45) -> 0 | ... N54: =SUM(N39:N45) -> 0 | P54: =SUM(P39:P45) -> 0 | Q54: =SUM(Q47:Q53) -> #DIV/0! | R54: =SUM(R47:R53) -> 0 | S54: =SUM(S47:S53) -> 0 | T54: =SUM(T47:T53) -> 0 | U54: =SUM(U47:U53) -> 0
C55: B1F | E55: =D55/$C$7 -> 0 | G55: =F55/D55 -> #DIV/0! | P55: =SUM(H55:N55) -> 0 | Q55: =P55*1000/D55 -> #DIV/0!
C56: 1F | E56: =D56/$C$7 -> 0 | G56: =F56/D56 -> #DIV/0! | P56: =SUM(H56:N56) -> 0 | Q56: =P56*1000/D56 -> #DIV/0!
B57: 壁 | C57: 2F | E57: =D57/$C$7 -> 0 | G57: =F57/D57 -> #DIV/0! | P57: =SUM(H57:N57) -> 0 | Q57: =P57*1000/D57 -> #DIV/0!
B58: （下り壁 | C58: 3F | E58: =D58/$C$7 -> 0 | G58: =F58/D58 -> #DIV/0! | P58: =SUM(H58:N58) -> 0 | Q58: =P58*1000/D58 -> #DIV/0!
B59: 腰壁含む） | C59: 4F | E59: =D59/$C$7 -> 0 | G59: =F59/D59 -> #DIV/0! | P59: =SUM(H59:N59) -> 0 | Q59: =P59*1000/D59 -> #DIV/0!
C60: PH | E60: =D60/$C$7 -> 0 | G60: =F60/D60 -> #DIV/0! | P60: =SUM(H60:N60) -> 0 | Q60: =P60*1000/D60 -> #DIV/0!
E61: =D61/$C$7 -> 0 | G61: =F61/D61 -> #DIV/0! | P61: =SUM(H61:N61) -> 0 | Q61: =P61*1000/D61 -> #DIV/0!
C62: 小計 | D62: =SUM(D55:D61) -> 0 | E62: =SUM(E55:E61) -> 0 | F62: =SUM(F55:F61) -> 0 | G62: =SUM(G55:G61) -> #DIV/0! | H62: =SUM(H55:H61) -> 0 | I62: =SUM(I55:I61) -> 0 | J62: =SUM(J55:J61) -> 0 | K62: =SUM(K55:K61) -> 0 | ... N62: =SUM(N55:N61) -> 0 | P62: =SUM(P55:P61) -> 0 | Q62: =SUM(Q55:Q61) -> #DIV/0! | R62: =SUM(R55:R61) -> 0 | S62: =SUM(S55:S61) -> 0 | T62: =SUM(T55:T61) -> 0 | U62: =SUM(U55:U61) -> 0
C63: B1F | E63: =D63/$C$7 -> 0 | G63: =F63/D63 -> #DIV/0! | P63: =SUM(H63:N63) -> 0 | Q63: =P63*1000/D63 -> #DIV/0!
C64: 1F | E64: =D64/$C$7 -> 0 | G64: =F64/D64 -> #DIV/0! | P64: =SUM(H64:N64) -> 0 | Q64: =P64*1000/D64 -> #DIV/0!
B65: 階段 | C65: 2F | E65: =D65/$C$7 -> 0 | G65: =F65/D65 -> #DIV/0! | P65: =SUM(H65:N65) -> 0 | Q65: =P65*1000/D65 -> #DIV/0!
C66: 3F | E66: =D66/$C$7 -> 0 | G66: =F66/D66 -> #DIV/0! | P66: =SUM(H66:N66) -> 0 | Q66: =P66*1000/D66 -> #DIV/0!
C67: 4F | E67: =D67/$C$7 -> 0 | G67: =F67/D67 -> #DIV/0! | P67: =SUM(H67:N67) -> 0 | Q67: =P67*1000/D67 -> #DIV/0!
C68: PH | E68: =D68/$C$7 -> 0 | G68: =F68/D68 -> #DIV/0! | P68: =SUM(H68:N68) -> 0 | Q68: =P68*1000/D68 -> #DIV/0!
E69: =D69/$C$7 -> 0 | G69: =F69/D69 -> #DIV/0! | P69: =SUM(H69:N69) -> 0 | Q69: =P69*1000/D69 -> #DIV/0!
C70: 小計 | D70: =SUM(D63:D69) -> 0 | E70: =SUM(E63:E69) -> 0 | F70: =SUM(F63:F69) -> 0 | G70: =SUM(G63:G69) -> #DIV/0! | H70: =SUM(H63:H69) -> 0 | I70: =SUM(I63:I69) -> 0 | J70: =SUM(J63:J69) -> 0 | K70: =SUM(K63:K69) -> 0 | ... N70: =SUM(N63:N69) -> 0 | P70: =SUM(P63:P69) -> 0 | Q70: =SUM(Q63:Q69) -> #DIV/0! | R70: =SUM(R63:R69) -> 0 | S70: =SUM(S63:S69) -> 0 | T70: =SUM(T63:T69) -> 0 | U70: =SUM(U63:U69) -> 0
C71: B1F | E71: =D71/$C$7 -> 0 | G71: =F71/D71 -> #DIV/0! | P71: =SUM(H71:N71) -> 0 | Q71: =P71*1000/D71 -> #DIV/0!
C72: 1F | E72: =D72/$C$7 -> 0 | G72: =F72/D72 -> #DIV/0! | P72: =SUM(H72:N72) -> 0 | Q72: =P72*1000/D72 -> #DIV/0!
B73: 雑 | C73: 2F | E73: =D73/$C$7 -> 0 | G73: =F73/D73 -> #DIV/0! | P73: =SUM(H73:N73) -> 0 | Q73: =P73*1000/D73 -> #DIV/0!
C74: 3F | E74: =D74/$C$7 -> 0 | G74: =F74/D74 -> #DIV/0! | P74: =SUM(H74:N74) -> 0 | Q74: =P74*1000/D74 -> #DIV/0!
C75: 4F | E75: =D75/$C$7 -> 0 | G75: =F75/D75 -> #DIV/0! | P75: =SUM(H75:N75) -> 0 | Q75: =P75*1000/D75 -> #DIV/0!
C76: PH | E76: =D76/$C$7 -> 0 | G76: =F76/D76 -> #DIV/0! | P76: =SUM(H76:N76) -> 0 | Q76: =P76*1000/D76 -> #DIV/0!
E77: =D77/$C$7 -> 0 | G77: =F77/D77 -> #DIV/0! | P77: =SUM(H77:N77) -> 0 | Q77: =P77*1000/D77 -> #DIV/0!
C78: 小計 | D78: =SUM(D71:D77) -> 0 | E78: =SUM(E71:E77) -> 0 | F78: =SUM(F71:F77) -> 0 | G78: =SUM(G71:G77) -> #DIV/0! | H78: =SUM(H71:H77) -> 0 | I78: =SUM(I71:I77) -> 0 | J78: =SUM(J71:J77) -> 0 | K78: =SUM(K71:K77) -> 0 | ... N78: =SUM(N71:N77) -> 0 | P78: =SUM(P71:P77) -> 0 | Q78: =SUM(Q71:Q77) -> #DIV/0! | R78: =SUM(R71:R77) -> 0 | S78: =SUM(S71:S77) -> 0 | T78: =SUM(T71:T77) -> 0 | U78: =SUM(U71:U77) -> 0
A79: 計 | D79: =D30+D38+D46+D54+D62+D70+D78 -> 0 | E79: =E30+E38+E46+E54+E62+E70+E78 -> 0 | F79: =F30+F38+F46+F54+F62+F70+F78 -> 0 | G79: =G30+G38+G46+G54+G62+G70+G78 -> #DIV/0! | H79: =H30+H38+H46+H54+H62+H70+H78 -> 0 | I79: =I30+I38+I46+I54+I62+I70+I78 -> 0 | J79: =J30+J38+J46+J54+J62+J70+J78 -> 0 | K79: =K30+K38+K46+K54+K62+K70+K78 -> 0 | ... N79: =N30+N38+N46+N54+N62+N70+N78 -> 0 | P79: =P30+P38+P46+P54+P62+P70+P78 -> 0 | Q79: =Q30+Q38+Q46+Q54+Q62+Q70+Q78 -> #DIV/0! | R79: =R30+R38+R46+R54+R62+R70+R78 -> 0 | S79: =S30+S38+S46+S54+S62+S70+S78 -> 0 | T79: =T30+T38+T46+T54+T62+T70+T78 -> 0 | U79: =U30+U38+U46+U54+U62+U70+U78 -> 0
A80: 合 計 | H80: =H22+H79 -> 0 | I80: =I22+I79 -> 0 | J80: =J22+J79 -> 0 | K80: =K22+K79 -> 0 | L80: =L22+L79 -> 0 | M80: =M22+M79 -> 0 | N80: =N22+N79 -> 0 | P80: =P22+P79 -> 0
A81: （鉄筋のロス率４％） | D81: =D22+D79 -> 0 | E81: =E22+E79 -> 0 | F81: =F22+F79 -> 0 | G81: =G22+G79 -> #DIV/0! | H81: =H80*1.04 -> 0 | I81: =I80*1.04 -> 0 | J81: =J80*1.04 -> 0 | K81: =K80*1.04 -> 0 | L81: =L80*1.04 -> 0 | M81: =M80*1.04 -> 0 | N81: =N80*1.04 -> 0 | P81: =P80*1.04 -> 0 | Q81: =Q22+Q79 -> #DIV/0! | R81: =R22+R79 -> 0 | S81: =S22+S79 -> 0 | T81: =T22+T79 -> 0 | U81: =U22+U79 -> 0
A82: 注) | B82: (１)「基礎部」の「雑」には、各部材に含まれない増し打ち、ピット等を記載する。
B83: （２）「下部柱」は、コンクリート、型枠、鉄筋を記載するが、継手は上部階の柱で処理する。
B84: （３）「軸部」の雑には、各部材に含まれない仕上の増し打ち、パラペット、水切、庇、工作物等含めて記載する。
B85: （４）鉄筋の数量は、t数を記載する。ただし合計部分には、上段はネットt数、下段には、ロス含t数を記載する。
B86: （５）上記の鉄筋kg/m2は、設計数量とする。
B87: （６）基礎部は「ｺm3/建m2」、軸部は「ｺm3/延m2」とする。

Sheet チェック項目　
A1: 数量チェックシート（積算数量調書チェック項目）
A3: １ 直接仮設
A4: チェック項目 | B4: チ ェ ッ ク 内 容 | C4: 確 認
A5: 遣方 | B5: ・建築面積により確認を行う。 ・建築面積に含まれないドライエリア、ピット等の確認を行う。
A6: 墨出し 養生 整理清掃後片付け | B6: ・延べ面積により確認を行う。 ・延べ面積に含まれないドライエリア、ピット、バルコニー等の確認を行う。
A7: 地足場 | B7: ・建築面積により確認を行う。 ・建築面積に含まれない地下部分の水平投影面積を確認する。
A8: 外部足場 | B8: ・建物高さ及び周長により概略面積を算出し確認を行う。
A9: 同登り桟橋 | B9: ・建物高さ及び箇所による概略長さを算出し確認を行う。
A10: 同安全手すり | B10: ・外部足場周長により確認を行う。
A11: 内部躯体足場 | B11: ・内部躯体足場（鉄筋・型枠足場及び躯体支保工）の総面積を 延べ面積により確認する。
A12: 内部仕上足場 | B12: ・内部仕上足場（脚立足場、簡易移動式足場、仕上支保工、 階段、シャフト等）の総面積を延べ面積により確認を行う。
A13: 外部足場 養生シート張り等 | B13: ・外部足場面積により概略面積を算出し確認を行う。
A14: 外部足場小幅ネット | B14: ・足場周長及び階数により概略長さを算出し確認を行う。
A16: ２ 土 工
A17: チェック項目 | B17: チ ェ ッ ク 内 容 | C17: 確 認
A18: 土工数量の収支 | B18: ・根切り、埋戻し及び建設発生土処分の整合を確認する。
A19: 根切り | B19: ・つぼ・布掘：建築面積当たりの数値により確認を行う。 ・総掘 ：根切り深さ及び建築面積により概略数量を算出し確認を行う。
A20: 埋戻し | B20: ・埋戻し種別により数量の確認を行う。
A21: 建設発生土処分 | B21: ・地中内コンクリート等による概略数量により確認を行う。 ・地下部分の概略体積を算出し確認を行う。
A22: 山留め | B22: ・建物周長及び根切り深さによる概略数量を算出し確認を行う。
A23: 排水 | B23: ・釜場の想定箇所の確認を行う。
A25: ３ 地 業
A26: チェック項目 | B26: チ ェ ッ ク 内 容 | C26: 確 認
A27: 砂利地業 | B27: ・建築面積等により概略数量を算出し確認を行う。
A28: 捨コンクリート | B28: ・建築面積等により概略数量を算出し確認を行う。
A29: 既製コンクリート（鋼管）杭 | B29: ・設計図書により本数を確認する。 | F29: 鋼製杭と兼用
A30: 場所打ちコンクリート杭 | B30: ・数量算出書により概略数量を確認する。
A34: ４ 躯 体
A35: チェック項目 | B35: チ ェ ッ ク 内 容 | C35: 確 認
A36: （１）コンクリート
A37: 鉄筋コンクリート | B37: ・コンクリート総量（建物用途）を延べ面積当たりの数値により確認を行う。 ・コンクリート総量の部位別（基礎部及び軸部）数量を延べ面積当たりの数値 により確認を行う。
A38: 防水押えｺﾝｸﾘｰﾄ | B38: ・屋根防水面積により概略数量を算出し確認を行う。
A39: コンクリート足場 | B39: ・延べ面積により確認を行う。
A40: （２）型 枠
A41: 型枠 | B41: ・型枠総量を延べ面積当たりの数値により確認を行う。
B42: ・型枠総量（建物用途）を鉄筋コンクリートｍ３当たりの数値により確認を行う。
B43: ・型枠総量と型枠種別ごとの収支の確認を行う。
A44: 型枠運搬 | B44: ・型枠総量との確認を行う。（デッキプレート、ボイド等を除く）
A45: （３）鉄 筋
A46: 鉄筋 | B46: ・鉄筋総量を延べ面積当たりの数値により確認を行う。
B47: ・鉄筋総量（建物用途）を鉄筋コンクリートｍ３当たりの数値により確認を行う。
A48: ガス圧接 | B48: ・箇所数を鉄筋総量当たりの数値により確認を行う。
A49: （４）鉄 骨
A50: 鉄骨 | B50: ・鉄骨総量を鉄骨造対象延べ面積当たりの数値により確認を行う。
A51: 工場溶接長さ | B51: ・工場溶接長さを鉄骨総量当たりの数値により確認を行う。
A53: ５ 外部仕上
A54: チェック項目 | B54: チ ェ ッ ク 内 容 | C54: 確 認
A55: （１）屋 根
A56: 防水層 | B56: ・防水平部面積を建築面積により確認を行う。 ・防水立上り面積を建築面積及び建物周長より確認を行う。
A58: 立上り保護 | B58: ・建築面積及び建物周長により確認を行う。
A59: （２）外 壁
A60: 外壁仕上げ | B60: ・建物高さ及び周長により概略面積を算出し確認を行う。
B61: ・主仕上げと下地面積の整合を確認する。
A62: （３）外部建具
A63: 建具 | B63: ・アルミニウム製、鋼製、鋼製軽量、ステンレス製、シャッター等の 建具箇所を設計図書により確認を行う。
A64: ガラス | B64: ・外壁仕上げ面積の開口率により確認を行う。
A67: ６ 内部仕上げ
A68: チェック項目 | B68: チ ェ ッ ク 内 容 | C68: 確 認
A69: （１）床仕上げ | B69: ・床仕上げ総面積を延べ面積により確認を行う。
B70: ・主仕上げと下地面積の整合を確認する。
A71: （２）壁仕上げ | B71: ・壁仕上げ総面積を延べ面積により確認を行う。
B72: ・主仕上げと下地面積の整合を確認する。
B73: ・主仕上げと表面処理面積の整合を確認する。
A74: （３）天井仕上げ | B74: ・天井仕上げ総面積を延べ面積により確認を行う。
B75: ・主仕上げと下地面積の整合を確認する。
B76: ・主仕上げと表面処理面積の整合を確認する。
A77: （４）内部開口部 | B77: ・アルミニウム製、鋼製、鋼製軽量、ステンレス製、シャッター等の 建具箇所を設計図書により確認を行う。
B78: ・鋼製、鋼製軽量、シャッター等の塗装面積を塗装係数により確認を行う。
A80: ７ 金属・仕上げユニット
A81: チェック項目 | B81: チ ェ ッ ク 内 容 | C81: 確 認
A82: 共通事項 | B82: ・通常、建物に取付く金物、仕上げユニットの代表的なもの 、数量の多いもの及び高価なものを抽出して設計図書又は 概略算出により確認を行う。
A83: （１）外部金属
A84: １）屋根廻り | B84: ・パラペット笠木、ルーフドレン、縦どい等
A85: ２）外壁廻り | B85: ・タラップ、懸垂幕受け金物等
A86: （２）内部金属
A87: １）床廻り | B87: ・マンホール、点検口、階段ノンスリップ等
A88: ２）壁廻り | B88: ・階段手すり、便所手すり、タラップ、コーナービード等
A89: ３）天井廻り | B89: ・点検口、天井見切り縁等
A90: （３）外部仕上ユニット | B90: ・煙突ライニング材、靴ふきマット等
A91: （４）内部仕上ユニット
A92: １）共通 | B92: ・案内板、ピクトグラフ、ブラインド、カーテン、ブラインドボックス、 書架、造付け家具、既製間仕切、可動間仕切等
A93: ２）水廻り | B93: ・流し台、コンロ台、吊り戸棚、水切り棚、流し上部見切り、フード等
A94: ３）トイレ廻り | B94: ・トイレブース、洗面台、鏡、甲板等
A96: ８ とりこわし
A97: ８－１ 直接仮設
A98: チェック項目 | B98: チ ェ ッ ク 内 容 | C98: 確 認
A99: 外部足場 | B99: ・建物高さ及び周長により概略面積を算出し確認を行う。
A100: 同登り桟橋 | B100: ・建物高さ及び箇所による概略長さを算出し確認を行う。
A101: 同安全手すり | B101: ・外部足場周長により確認を行う。 | F101: とりこわし工事に対応のため追加
A102: 内部仕上足場 | B102: ・内部足場の総面積を延べ面積により確認を行う。
A103: 外部足場 養生シート張り等 | B103: ・外部足場面積により概略面積を算出し確認を行う。
A104: 外部足場小幅ネット | B104: ・足場周長及び階数により概略長さを算出し確認を行う。
A106: ８－２ 土 工
A107: チェック項目 | B107: チ ェ ッ ク 内 容 | C107: 確 認
A108: 埋戻し、盛土 | B108: ・埋戻し、盛土種別により数量の確認を行う。 | F108: とりこわし工事に対応のため追加
A110: ８－３ とりこわし
A111: チェック項目 | B111: チ ェ ッ ク 内 容 | C111: 確 認
A112: 鉄筋コンクリート | B112: ・コンクリート総量（建物用途）を延べ面積当たりの数値により確認を行う。 ・コンクリート総量の部位別（基礎部及び軸部）数量を延べ面積当たりの数値 により確認を行う。
A113: 防水層 | B113: ・防水平部面積を建築面積により確認を行う。 ・防水立上り面積を建築面積及び建物周長より確認を行う。
A115: 立上り保護 | B115: ・建築面積及び建物周長により確認を行う。
...

Sheet 仮設チェックシート
B1: 工種別チェックシート
B2: １．直接仮設 | G2: ：手入力項目（空白欄は自動計算）
B3: 名 称 | C3: 摘 要 | D3: 単位 | E3: 内 訳 数 量 | F3: チ ェ ッ ク 項 目 | H3: 面積等 | J3: 面積等 | L3: 係数 | M3: ﾁｪｯｸ 数量 | N3: 判 定 | O3: 確 認 事 項
B4: 遣方 | C4: 建築面積 | D4: m2 | F4: ≧ | G4: 建築面積 | H4: =建築工事躯体集計表!$A$7 -> 4500 | M4: =H4 -> 4500 | N4: =IF(E9="","－",IF(AND(E9>=M4),"OK","NO")) -> NO
C5: 上記以外の地下部 水平面積 | D5: m2
C6: ドライエリア | D6: m2
C7: ピット（建物外） | D7: m2
C8: その他（ ） | D8: m2
C9: 計 | E9: =SUM(E4:E8) -> 0
B10: 墨出し 養生 整理清掃後片付け | C10: 延床面積 | D10: m2 | F10: ≧ | G10: 延べ面積 | H10: =建築工事躯体集計表!$C$7 -> 10000 | M10: =H10 -> 10000 | N10: =IF(E15="","－",IF(AND(E15>=M10),"OK","NO")) -> NO
C11: ドライエリア | D11: m2
C12: ピット（建物外） | D12: m2
C13: バルコニー | D13: m2
C14: その他（ ） | D14: m2
C15: 計 | E15: =SUM(E10:E14) -> 0
B16: 地足場 | C16: 建築面積 | D16: m2 | F16: ≧ | G16: 建築面積 | H16: =建築工事躯体集計表!$A$7 -> 4500 | M16: =H16 -> 4500 | N16: =IF(E18="","－",IF(AND(E18>=M16),"OK","NO")) -> NO
C17: 上記以外の地下部 水平投影面積 | D17: m2
C18: 計 | E18: =SUM(E16:E17) -> 0
B19: 外部足場 | C19: 枠組本足場面積 単管本足場面積 | D19: m2 | F19: ≒ | G19: （建物周長＋８ｍ） × パラペットまでの高さ | I19: × | M19: =H19*J19 -> 0
C21: 単管本足場用 登り桟橋 | D21: ｍ | F21: ≒ | G21: 箇所数は２箇所以上又は 各外壁面設置程度（４箇所） 箇所数×パラペットまでの高さ×２．０ | I21: × | K21: × | L21: 2 | M21: =H21*J21*L21 -> 0
C23: 安全手すり | D23: ｍ | F23: ≒ | G23: 外部足場周長 | M23: =H23 -> 0
B24: 内部躯体足場 | C24: 鉄筋・型枠脚立足場 | D24: m2 | F24: ＝ | G24: 延べ面積 | H24: =建築工事躯体集計表!$C$7 -> 10000 | M24: =H24 -> 10000 | N24: =IF(E26="","－",IF(AND(E26=M24),"OK","NO")) -> NO
C25: 躯体支保工 | D25: m2
C26: 計 | E26: =SUM(E24:E25) -> 0
B27: 内部仕上足場 | C27: 脚立足場 | D27: m2 | F27: ≒ | G27: 延べ面積 | H27: =建築工事躯体集計表!$C$7 -> 10000 | M27: =H27 -> 10000
C28: 簡易移動式足場 | D28: m2
C29: その他 | D29: m2
C30: 計 | E30: =SUM(E27:E29) -> 0
B31: 災害防止 | C31: 外部足場シート類 | D31: m2 | F31: ≒ | G31: 外部足場面積 | H31: =E19 -> 0 | M31: =H31 -> 0
C33: 外部足場小幅ネット | D33: ｍ | F33: ≒ | G33: （建物周長＋８ｍ）×（建物階数） | M33: =H33 -> 0
C34: 水平安全ネット類 | D34: m2 | F34: ≒ | G34: 鉄骨造部分延べ面積 | H34: =建築工事躯体集計表!M7 -> 0 | M34: =H34 -> 0

Sheet 土工チェックシート
B1: ２．土 工 | G1: ：手入力項目（空白欄は自動計算）
B2: 名 称 | C2: 摘 要 | D2: 単位 | E2: 内 訳 数 量 | F2: チ ェ ッ ク 項 目 | H2: 数量・ 面積等 | J2: 数量・ 面積等 | L2: 数量・ 面積等 | N2: 係数 | P2: 係数 | Q2: ﾁｪｯｸ 数量 | S2: ﾁｪｯｸ 数量 | T2: 判 定 | U2: 確 認 事 項
B3: 土工の収支 ・根切り （すき取りを含む） ・埋戻し （盛土を含む） ・建設発生土処分 | C3: 根切り量 | D3: m3 | F3: ＝ | G3: 埋戻し量＋建設発生土処分量 | H3: =E4 -> 0 | I3: + | J3: =E5+E6 -> 0 | Q3: =H3+J3 -> 0 | T3: =IF(E3="","－",IF(AND(E3=Q3),"OK","NO")) -> －
C4: 埋戻し量 | D4: m3 | F4: ＝ | G4: 根切り量－建設発生土処分量 | H4: =E3 -> 0 | I4: - | J4: =E5+E6 -> 0 | Q4: =H4-J4 -> 0 | T4: =IF(E4="","－",IF(AND(E4=Q4),"OK","NO")) -> －
C5: 建設発生土処分量 （埋戻しB種） | D5: m3 | F5: ＝ | G5: 根切り量－埋戻し量 | H5: =E3 -> 0 | I5: - | J5: =E4 -> 0 | Q5: =H5-J5 -> 0 | T5: =IF(E5="","－",IF(AND(E5=Q5),"OK","NO")) -> －
C6: 建設発生土処分量 （埋戻しA・C・D種） | D6: m3 | F6: ＝ | G6: 根切り量 | H6: =E3 -> 0 | Q6: =H6 -> 0 | T6: =IF(E6="","－",IF(AND(E6=Q6),"OK","NO")) -> －
B7: すき取り | C7: 範囲明示の場合 （敷地全体） | D7: m3 | F7: ≒ | G7: すき取り厚さ＝平均現状GL－ 根切り基準GL 敷地面積×すき取り厚さ | I7: ×
C8: 範囲明示のない場合 （建物周囲２ｍ程度） | D8: m3 | F8: ≒ | G8: 建築面積×すき取り厚さ× （１＋２．０×周長率※１) | H8: =建築工事躯体集計表!$A$7 -> 4500 | I8: × | K8: ×
B9: 根切り | C9: つぼ・布掘り | D9: m3 | F9: ∈ | G9: 建築面積×( １．２ ）～（ ２．０ ） | H9: =建築工事躯体集計表!$A$7 -> 4500 | N9: 1.2 | O9: ～ | P9: 2 | Q9: =H9*N9 -> 5400 | R9: ～ | S9: =H9*P9 -> 9000 | T9: =IF(E9="","－",IF(AND(E9>=Q9,E9<=S9),"OK","NO")) -> －
C10: 法付き総掘り （深さ３～６ｍ程度） | D10: m3 | F10: ≒ | G10: 地下建築面積×砂利地業までの深さ ×（１＋（1．２）×周長率※２) | I10: × | K10: × | Q10: =H10*J10*L10 -> 0
C11: 山留め付総掘り （山留め計画図無し） | D11: m3 | F11: ≒ | G11: 地下建築面積×砂利地業までの深さ ×（１＋（1．０）×周長率※３) | I11: × | K11: × | Q11: =H11*J11*L11 -> 0
C12: 山留め付総掘り （山留め計画図有り） | D12: m3 | F12: ≒ | G12: 地下建築面積×砂利地業までの深さ ×（１＋（ ａ ）×周長率※４) | I12: × | K12: × | Q12: =H12*J12*L12 -> 0
C13: 山留め付総掘り （ＳＭＷ工法） | D13: m3 | F13: ≒ | G13: 地下建築面積×砂利地業までの深さ | I13: × | Q13: =H13*J13 -> 0
B14: 盛土 | C14: 範囲明示の場合 （敷地全体） | D14: m3 | F14: ≒ | G14: 盛土厚さ＝設計GL－ 根切り基準GL 敷地面積×盛土厚さ | I14: × | Q14: =H14*J14 -> 0
C15: 範囲明示のない場合 （建物周囲２ｍ程度） | D15: m3 | F15: ≒ | G15: 建築面積×盛土厚さ× （１＋２．０×周長率※１) | H15: =建築工事躯体集計表!$A$7 -> 4500 | I15: × | K15: × | Q15: =H15*J15*L15 -> 0
B16: 埋戻し | C16: Ｂ種 （流用土） | D16: m3 | F16: ＝ | G16: 根切り－建設発生土処分 | H16: =E3 -> 0 | I16: - | J16: =E5+E6 -> 0 | Q16: =H16-J16 -> 0 | T16: =IF(E16="","－",IF(AND(E16=Q16),"OK","NO")) -> －
C17: Ａ・C・D種 （購入土） | D17: m3 | F17: ∈ | G17: 根切り－延床面積 × （ ０．２ ）～（ ０．５ ） | H17: =E3 -> 0 | K17: - | L17: =建築工事躯体集計表!C7 -> 10000 | M17: × | N17: 0.2 | O17: ～ | P17: 0.5 | Q17: =H17-L17*N17 -> -2000 | R17: ～ | S17: =H17-L17*P17 -> -5000 | T17: =IF(E17="","－",IF(AND(E17>=Q17,E17<=S17),"OK","NO")) -> －
B18: 建設発生土処分 | C18: つぼ・布掘り | D18: m3 | F18: ≒ | G18: （基礎部ｺﾝｸﾘｰﾄ＋砂利地業＋ 捨ｺﾝｸﾘｰﾄ）の体積 | I18: + | K18: + | Q18: =H18+J18+L18 -> 0
C20: 法付き総掘り 山留め付総掘り | D20: m3 | F20: ≒ | G20: 地下部建築面積×根切り基準線から 砂利地業までの深さ | I20: × | Q20: =H20*J20 -> 0
B22: 山留め | C22: 横矢板 | D22: m2 | F22: ≒ | G22: （地下部周長＋８ｍ）×根切り深さ | I22: × | Q22: =H22*J22 -> 0
C23: シートパイル | D23: m2 | F23: ≒ | G23: （地下部周長＋８ｍ）× （根切り深さ＋根入れ長さ） | I23: ×
B25: 注） すき取り、根切りの総堀における周長率（※１～４）は、以下による。
B26: ※１ ： （建物外周総長さ＋８ｍ）÷建築面積
B27: ※２ ： （地下部分外壁総長さ＋４．８ｍ）÷地下建築面積
B28: ※３ ： （地下部分外壁総長さ＋４ｍ）÷地下建築面積
B29: ※４ ： （地下部分外壁総長さ＋４×ａｍ）÷地下建築面積 （ただし、ａは山留め計画図による余幅（ｍ））

Sheet 杭・地業チェックシート
B1: ３．地 業 | G1: ：手入力項目（空白欄は自動計算）
B2: 名 称 | C2: 摘 要 | D2: 単位 | E2: 内 訳 数 量 | F2: チ ェ ッ ク 項 目 | H2: 数量・ 面積等 | J2: 数量・ 面積等 | K2: 係数 | M2: 係数 | N2: ﾁｪｯｸ 数量 | P2: ﾁｪｯｸ 数量 | Q2: 判 定 | R2: 確 認 事 項
B3: －１ 地 業
B4: 砂利地業 | C4: 基礎・地中梁、土間下 | D4: m3 | F4: ≒ | G4: １階床面積 × 砂利地業厚さ | I4: × | P4: =H4*J4 -> 0
B5: 捨コンクリート | C5: 基礎・地中梁、 ピット等 | D5: m3 | F5: ∈ | G5: １階床面積 × 捨コンクリート厚さ × （０．３）～（０．７） | I5: × | K5: 0.3 | L5: ～ | M5: 0.7 | N5: =H5*J5*K5 -> 0 | O5: ～ | P5: =H5*J5*M5 -> 0 | Q5: =IF(E5="","－",IF(AND(E5>=N5,E5<=P5),"OK","NO")) -> －
C6: 地下部ベタ基礎 | D6: m3 | F6: ≒ | G6: 地下階床面積×捨コンクリート厚さ | I6: × | P6: =H6*J6 -> 0
B7: －２ くい地業
B8: 既製コンクリート杭 | C8: 試験杭 | D8: 本 | F8: ＝ | G8: 設計図書より杭径、長さ、本数の確認 | P8: =H8 -> 0 | Q8: =IF(E8="","－",IF(AND(E8=P8),"OK","NO")) -> －
C9: 本杭 | D9: 本 | F9: ＝ | G9: 設計図書より杭径、長さ、本数の確認 | P9: =H9 -> 0 | Q9: =IF(E9="","－",IF(AND(E9=P9),"OK","NO")) -> －

Sheet 躯体チェックシート 
B1: ４．躯 体 | G1: ：手入力項目（空白欄は自動計算）
B2: 名 称 | C2: 摘 要 | D2: 単位 | E2: 内 訳 数 量 | F2: チ ェ ッ ク 項 目 | H2: 面積等 | J2: 面積等 | L2: 係数 | N2: 係数 | O2: ﾁｪｯｸ 数量 | Q2: ﾁｪｯｸ 数量 | R2: 判 定 | S2: 確 認 事 項
B3: －１ コンクリート
B4: 躯体コンクリート | C4: コンクリート総量 | D4: m3 | F4: ∈ | G4: 延べ面積 ×（ ０．８ ）～（ １．０ ） | H4: =建築工事躯体集計表!$C$7 -> 10000 | K4: × | L4: 0.8 | M4: ～ | N4: 1 | O4: =H4*L4 -> 8000 | P4: ～ | Q4: =H4*N4 -> 10000 | R4: =IF(E4="","－",IF(AND(E4>=O4,E4<=Q4),"OK","NO")) -> －
C5: 基礎部 | D5: m3 | F5: ∈ | G5: 延べ面積 ×（ ０．２ ）～（ ０．５ ） | H5: =建築工事躯体集計表!$C$7 -> 10000 | K5: × | L5: 0.2 | M5: ～ | N5: 0.5 | O5: =H5*L5 -> 2000 | P5: ～ | Q5: =H5*N5 -> 5000 | R5: =IF(E5="","－",IF(AND(E5>=O5,E5<=Q5),"OK","NO")) -> －
C6: 軸部（地上部） 土間部を含む | D6: m3 | F6: ∈ | G6: 延べ面積 ×（ ０．５ ）～（ ０．８ ） | H6: =建築工事躯体集計表!$C$7 -> 10000 | K6: × | L6: 0.5 | M6: ～ | N6: 0.8 | O6: =H6*L6 -> 5000 | P6: ～ | Q6: =H6*N6 -> 8000 | R6: =IF(E6="","－",IF(AND(E6>=O6,E6<=Q6),"OK","NO")) -> －
B8: 仕上コンクリート | C8: 防水押え（厚さ８０） | D8: m3 | F8: ≒ | G8: 建築面積 ×（ ０．０８ ） | H8: =建築工事躯体集計表!$A$7 -> 4500 | K8: × | L8: 0.08 | O8: =H8*L8 -> 360
B9: コンクリート足場 | C9: 必要な場合 | D9: m2 | F9: ＝ | G9: 延べ床面積 | H9: =建築工事躯体集計表!$C$7 -> 10000 | O9: =H9 -> 10000 | R9: =IF(E9="","－",IF(AND(E9=O9),"OK","NO")) -> －
B10: －２ 型 枠
B11: 型 枠 （デッキプレート等を含む） | C11: 型枠総量 | D11: m2 | F11: ∈ | G11: 延べ面積 ×（ ４．０ ）～（ ５．５ ) | H11: =建築工事躯体集計表!$C$7 -> 10000 | K11: × | L11: 4 | M11: ～ | N11: 5.5 | O11: =H11*L11 -> 40000 | P11: ～ | Q11: =H11*N11 -> 55000 | R11: =IF(E11="","－",IF(AND(E11>=O11,E11<=Q11),"OK","NO")) -> －
F12: ∈ | G12: コンクリート総量 × （ ５．５ ）～（６．５ ） | H12: =建築工事躯体集計表!$D$22 -> 0 | K12: × | L12: 5.5 | M12: ～ | N12: 6.5 | O12: =H12*L12 -> 0 | P12: ～ | Q12: =H12*N12 -> 0 | R12: =IF(E12="","－",IF(AND(E12>=O12,E12<=Q12),"OK","NO")) -> －
C13: 普通合板型枠 | D13: m2 | F13: ＝ | G13: 型枠総量－（打放し合板型枠＋その他） | H13: =建築工事躯体集計表!$F$22 -> 0 | I13: - | J13: =SUM(E14:E16) -> 0 | O13: =H13-J13 -> 0 | R13: =IF(E13="","－",IF(AND(E13=O13),"OK","NO")) -> －
C14: 打ち放し合板型枠（Ａ種） | D14: m2 | F14: ＝ | G14: 外壁打放し仕上 | O14: 0 | R14: =IF(E14="","－",IF(AND(E14=O14),"OK","NO")) -> －
C15: 打ち放し合板型枠（Ｂ種） | D15: m2 | F15: ＝ | G15: 外壁打放し仕上、防水立上り等面積 | I15: + | O15: =H15+J15 -> 0 | R15: =IF(E15="","－",IF(AND(E15=O15),"OK","NO")) -> －
C16: 打ち放し合板型枠（Ｃ種） | D16: m2 | F16: ＝ | G16: 内壁打放し仕上、吹付け等仕上面積 | I16: + | O16: =H16+J16 -> 0 | R16: =IF(E16="","－",IF(AND(E16=O16),"OK","NO")) -> －
C17: （デッキプレート等） | D17: m2 | F17: ＜ | G17: 延べ面積 | H17: =建築工事躯体集計表!$C$7 -> 10000 | O17: =H17 -> 10000 | R17: =IF(E17="","－",IF(AND(E17=O17),"OK","NO")) -> －
C18: 計 | E18: =SUM(E11:E17) -> 0
B19: 型枠運搬 | C19: 型枠総量 | D19: m2 | F19: ＝ | G19: 型枠総量－（デッキプレート等） | H19: =建築工事躯体集計表!$F$22 -> 0 | I19: - | J19: =E17 -> 0 | O19: =H19-J19 -> 0 | R19: =IF(E19="","－",IF(AND(E19=O19),"OK","NO")) -> －
B20: －３ 鉄 筋
B21: 鉄 筋 | C21: 鉄筋総量（設計数量） | D21: ｔ | F21: ∈ | G21: 延べ面積 ×（ ０．１０ ）～（ ０．１４ ） | H21: =建築工事躯体集計表!$C$7 -> 10000 | K21: × | L21: 0.1 | M21: ～ | N21: 0.14 | O21: =H21*L21 -> 1000 | P21: ～ | Q21: =H21*N21 -> 1400 | R21: =IF(E21="","－",IF(AND(E21>=O21,E21<=Q21),"OK","NO")) -> －
F22: ∈ | G22: コンクリート総量×（ ０．１３ ）～（ ０．１６ ） | H22: =建築工事躯体集計表!$D$22 -> 0 | K22: × | L22: 0.13 | M22: ～ | N22: 0.16 | O22: =H22*L22 -> 0 | P22: ～ | Q22: =H22*N22 -> 0 | R22: =IF(E21="","－",IF(AND(E21>=O22,E21<=Q22),"OK","NO")) -> －
B23: ガス圧接 | C23: 鉄筋総量（設計数量） | D23: 箇所 | F23: ∈ | G23: 鉄筋総量 ×（ ９ ）～（ １５ ） | H23: =建築工事躯体集計表!$P$22 -> 0 | K23: × | L23: 9 | M23: ～ | N23: 15 | O23: =H23*L23 -> 0 | P23: ～ | Q23: =H23*N23 -> 0 | R23: =IF(E23="","－",IF(AND(E23>=O23,E23<=Q23),"OK","NO")) -> －
B24: －４ 鉄 骨
B25: 鉄 骨 | C25: 鉄骨総量（設計数量） （中・高層Ｓ造） | D25: ｔ | F25: ∈ | G25: 延べ面積 ×（０．０８）～（０．１２ ） | H25: =建築工事躯体集計表!$C$7 -> 10000 | K25: × | L25: 0.08 | M25: ～ | N25: 0.12 | O25: =H25*L25 -> 800 | P25: ～ | Q25: =H25*N25 -> 1200 | R25: =IF(E25="","－",IF(AND(E25>=O25,E25<=Q25),"OK","NO")) -> －
C26: 鉄骨総量（設計数量） （高層ＳＲＣ） | D26: ｔ | F26: ∈ | G26: 延べ面積 ×（０．０７）～（０．１４ ） | H26: =建築工事躯体集計表!$C$7 -> 10000 | K26: × | L26: 0.07 | M26: ～ | N26: 0.14 | O26: =H26*L26 -> 700 | P26: ～ | Q26: =H26*N26 -> 1400 | R26: =IF(E26="","－",IF(AND(E26>=O26,E26<=Q26),"OK","NO")) -> －
B27: 工場溶接長 | C27: 形鋼率※ ８０％程度 | D27: ｍ/t | F27: ∈ | G27: 鉄骨総量（設計数量）×（６０）～（９０） | H27: =建築工事躯体集計表!$L$7 -> 0 | K27: × | L27: 60 | M27: ～ | N27: 90 | O27: =H27*L27 -> 0 | P27: ～ | Q27: =H27*N27 -> 0 | R27: =IF(E27="","－",IF(AND(E27>=O27,E27<=Q27),"OK","NO")) -> －
C28: 形鋼率※ ６０％程度 | D28: ｍ/t | F28: ∈ | G28: 鉄骨総量（設計数量）×(７０）～(１２０） | H28: =建築工事躯体集計表!$L$7 -> 0 | K28: × | L28: 70 | M28: ～ | N28: 120 | O28: =H28*L28 -> 0 | P28: ～ | Q28: =H28*N28 -> 0 | R28: =IF(E28="","－",IF(AND(E28>=O28,E28<=Q28),"OK","NO")) -> －
B29: 注） 形鋼率※ ＝ 形鋼総質量（ｔ） ／ 鋼材総質量（t）

Sheet 外部仕上チェックシート
B1: ５．外部仕上げ | G1: ：手入力項目（空白欄は自動計算）
B2: 名 称 | C2: 摘 要 | D2: 単位 | E2: 内 訳 数 量 | F2: チ ェ ッ ク 項 目 | H2: 数量・ 面積等 | J2: 数量・ 面積等 | L2: 係数 | N2: 係数 | O2: ﾁｪｯｸ 数量 | Q2: ﾁｪｯｸ 数量 | R2: 判 定 | S2: 確 認 事 項
B3: －１ 屋根仕上
B4: 屋根防水層 | C4: 平部 | D4: m2 | F4: ≒ | G4: 建築面積 | H4: =建築工事躯体集計表!$A$7 -> 4500 | Q4: =H4 -> 4500
C5: 立上り部（Ｈ＝４００） | D5: m2 | F5: ≧ | G5: 建築面積×周長率※×０．４ | H5: =建築工事躯体集計表!$A$7 -> 4500 | I5: × | J5: 1 | K5: × | L5: 0.4 | Q5: =H5*J5*L5 -> 1800 | R5: =IF(E5="","－",IF(AND(E5>=Q5),"OK","NO")) -> －
B6: 防水押えレンガ積み | C6: 立上り部 | D6: m2 | F6: ≧ | G6: 建築面積×周長率※×０．３２ | H6: =建築工事躯体集計表!$A$7 -> 4500 | I6: × | J6: 5 | K6: × | L6: 0.32 | Q6: =H6*J6*L6 -> 7200 | R6: =IF(E6="","－",IF(AND(E6>=Q6),"OK","NO")) -> －
B7: 防水立上り保護 | C7: 乾式工法 | D7: ｍ | F7: ≧ | G7: 建築面積×周長率※ | H7: =建築工事躯体集計表!$A$7 -> 4500 | I7: × | J7: 1 | Q7: =H7*J7 -> 4500 | R7: =IF(E7="","－",IF(AND(E7>=Q7),"OK","NO")) -> －
B8: －２ 外壁仕上
B9: 外壁仕上種別 （下記による） | C9: 外壁総面積 開口部（ガラス）面積 を含む | D9: m2 | F9: ∈ | G9: (1) 延べ面積×（０．７）～（１．２） | H9: =建築工事躯体集計表!$C$7 -> 10000 | K9: × | L9: 0.7 | M9: ～ | N9: 1.2 | O9: =H9*L9 -> 7000 | P9: ～ | Q9: =H9*N9 -> 12000 | R9: =IF(E9="","－",IF(AND(E9>=O9,E9<=Q9),"OK","NO")) -> －
F10: ≒ | G10: (2) 建物周長× パラペットまでの高さ | I10: × | Q10: =H10*J10 -> 0
B11: 外壁タイル張り仕上 | C11: タイル張り（平面） | D11: m2 | F11: ≒ | Q11: =H11 -> 0
C12: タイル張り（役物） | D12: ｍ | F12: ∈ | G12: タイル（平面）面積×（０．４）～（１．０） | H12: =E11 -> 0 | K12: × | L12: 0.4 | M12: ～ | N12: 1 | O12: =H12*L12 -> 0 | P12: ～ | Q12: =H12*N12 -> 0 | R12: =IF(E12="","－",IF(AND(E12>=O12,E12<=Q12),"OK","NO")) -> －
C13: 下地モルタル | D13: m2 | F13: ＝ | G13: タイル張り面積（役物を含む） | H13: =E11+E12 -> 0 | Q13: =H13 -> 0 | R13: =IF(E13="","－",IF(AND(E13=Q13),"OK","NO")) -> －
B14: 外壁打放し吹付け 外壁打放し塗装仕上 | C14: 吹付け、塗装面積 | D14: m2 | F14: ≒ | Q14: =H14 -> 0
C15: 打放しＢ種型枠面積 | D15: m2 | F15: ＝ | G15: 吹付け、塗装面積 | I15: + | Q15: =H15+J15 -> 0 | R15: =IF(E15="","－",IF(AND(E15=Q15),"OK","NO")) -> －
B16: その他仕上 | C16: 外壁主仕上の総面積 | D16: m2 | F16: ≒ | Q16: =H16 -> 0
D17: m2
D18: m2
D19: m2
B20: ガラス | C20: ガラス総面積 | D20: m2 | F20: ∈ | G20: 外壁見付面積（開口部含む） ×（０．１）～（０．３） | K20: × | L20: 0.1 | M20: ～ | N20: 0.3 | O20: =H20*L20 -> 0 | P20: ～ | Q20: =H20*N20 -> 0 | R20: =IF(E20="","－",IF(AND(E20>=O20,E20<=Q20),"OK","NO")) -> －
B21: －３ 外部建具
B22: 外部建具 | C22: 金属製建具 窓・扉・シャッター等 ・アルミニウム製 ・鋼製、軽量鋼製 ・ステンレス製 | D22: か所 | F22: ＝ | G22: 設計図書による箇所数の確認 | Q22: =H22 -> 0 | R22: =IF(E22="","－",IF(AND(E22=Q22),"OK","NO")) -> －
C23: 同上金属製建具 総面積 | D23: m2 | F23: ∈ | G23: 外壁見付面積（開口部含む） ×（０．１）～（０．３） | H23: 500 | K23: × | L23: 0.1 | M23: ～ | N23: 0.3 | O23: =H23*L23 -> 50 | P23: ～ | Q23: =H23*N23 -> 150 | R23: =IF(E23="","－",IF(AND(E23>=O23,E23<=Q23),"OK","NO")) -> －
B24: 注） 周長率※ ＝ 建築面積に対する外壁総長さ／建築面積

Sheet 内部仕上チェックシート
B1: ６．内部仕上げ | G1: ：手入力項目（空白欄は自動計算）
B2: 名 称 | C2: 摘 要 | D2: 単位 | E2: 内 訳 数 量 | F2: チ ェ ッ ク 項 目 | H2: 数量・ 面積等 | J2: 数量・ 面積等 | L2: 係数 | N2: 係数 | O2: ﾁｪｯｸ 数量 | Q2: ﾁｪｯｸ 数量 | R2: 判 定 | S2: 確 認 事 項
B3: －１ 床仕上げ
B4: 床仕上げ （主仕上げ） | C4: 床主仕上げの総面積 （下記による） | D4: m2 | E4: （Ａ） | F4: ≒ | G4: 延べ面積×０．９５ | H4: =建築工事躯体集計表!$C$7 -> 10000 | K4: × | L4: 0.95 | Q4: =H4*L4 -> 9500
C5: (1)ビニルタイル | D5: m2
C6: (2)ビニルシート | D6: m2
C7: (3)カーペット類 | D7: m2
C8: (4)タイル張り | D8: m2
C9: (5)モルタル塗り | D9: m2
C10: (6)コンクリート直均し仕上げ | D10: m2
C11: (7)合成樹脂塗り床 | D11: m2
C12: (8)畳・フローリング等 | D12: m2
C13: その他（ ） | D13: m2
B14: 床仕上げ下地 | C14: 張物下コンクリート 直均し仕上げ | D14: m2 | F14: ＝ | G14: (1)(2)(3)張物仕上げ面積 | H14: =SUM(E5:E7) -> 0 | Q14: =H14 -> 0
C15: 張物下モルタル | D15: m2
C16: タイル下モルタル | D16: m2 | F16: ＝ | G16: (4)タイル張り面積 | H16: =E8 -> 0 | Q16: =H16 -> 0 | R16: =IF(E16="","－",IF(AND(E16=Q16),"OK","NO")) -> －
C17: 塗り床下モルタル | D17: m2 | F17: ＝ | G17: (7)合成樹脂塗り床面積 | H17: =E9 -> 0 | Q17: =H17 -> 0 | R17: =IF(E17="","－",IF(AND(E17=Q17),"OK","NO")) -> －
C18: フリーアクセスフロア | D18: m2 | F18: ＝ | G18: (3)カーペット類 | H18: =E10 -> 0 | Q18: =H18 -> 0 | R18: =IF(E18="","－",IF(AND(E18=Q18),"OK","NO")) -> －
C19: ポリスチレンフォーム床 下地 | D19: m2 | F19: ＝ | G19: (8)畳・フローリング等 | H19: =SUM(E10:E12) -> 0 | Q19: =H19 -> 0
C20: 根太 | D20: m2
C21: （その他 ） | D21: m2 | Q21: =H21 -> 0
B22: －２ 壁仕上げ
B23: 壁仕上げ （主仕上げ） | C23: 壁主仕上げの総面積 （下記による） | D23: m2 | E23: （Ｂ） | F23: ∈ | G23: 延べ面積×（１．０）～（１．８） | H23: =建築工事躯体集計表!$C$7 -> 10000 | K23: × | L23: 1 | M23: ～ | N23: 1.8 | O23: =H23*L23 -> 10000 | P23: ～ | Q23: =H23*N23 -> 18000 | R23: =IF(E23="","－",IF(AND(E23>=O23,E23<=Q23),"OK","NO")) -> NO
C24: (1)モルタル塗り | D24: m2
C25: (2)モルタル塗り （塗装下） | D25: m2
C26: (3)モルタル塗り （壁紙張り下） | D26: m2
C27: (4)各種ボード張り （1重・2重張り） （塗装下） | D27: m2
C28: (5)各種ボード張り （1重・2重張り） （壁紙下） | D28: m2
C29: (6)タイル張り | D29: m2
C30: (7)吹付け仕上げ | D30: m2
C31: （その他 ） | D31: m2
C32: （その他 ） | D32: m2
B33: 壁仕上げ下地 | C33: 軽量鉄骨間仕切 （65・90・100型） | D33: m2 | F33: ∈ | G33: 各種ボード張り（LGS下地)総面積× （０．６）～（０．９） | K33: × | L33: 0.6 | M33: ～ | N33: 0.9 | O33: =H33*L33 -> 0 | P33: ～ | Q33: =H33*N33 -> 0 | R33: =IF(E33="","－",IF(AND(E33>=O33,E33<=Q33),"OK","NO")) -> －
C34: タイル下地モルタル | D34: m2 | F34: ＝ | G34: (6)タイル張り面積 | H34: =E29 -> 0 | Q34: =H34 -> 0 | R34: =IF(E34="","－",IF(AND(E34=Q34),"OK","NO")) -> －
B35: 表面仕上げ ＥＰ等塗装 | C35: モルタル面 | D35: m2 | F35: ＝ | G35: (2)モルタル塗り（塗装下)面積 | H35: =E25 -> 0 | Q35: =H35 -> 0 | R35: =IF(E35="","－",IF(AND(E35=Q35),"OK","NO")) -> －
C36: 各種ボード面 | D36: m2 | F36: ＝ | G36: (4)各種ボード張り（塗装下）面積 | H36: =E27 -> 0 | Q36: =H36 -> 0 | R36: =IF(E36="","－",IF(AND(E36=Q36),"OK","NO")) -> －
B37: 表面仕上げ 壁紙張り | C37: モルタル面 | D37: m2 | F37: ＝ | G37: (3)モルタル塗り（壁紙張り下)面積 | H37: =E26 -> 0 | Q37: =H37 -> 0 | R37: =IF(E37="","－",IF(AND(E37=Q37),"OK","NO")) -> －
C38: 各種ボード面 | D38: m2 | F38: ＝ | G38: (5)各種ボード張り（壁紙張り下）面積 | H38: =E28 -> 0 | Q38: =H38 -> 0 | R38: =IF(E38="","－",IF(AND(E38=Q38),"OK","NO")) -> －
B39: －３ 天井仕上げ
B40: 天井仕上げ | C40: 主仕上げの総面積 （下記による） | D40: m2 | E40: （Ｃ） | F40: ≒ | G40: 延べ面積×０．９５ | H40: =建築工事躯体集計表!$C$7 -> 10000 | K40: × | L40: 0.95 | Q40: =H40*L40 -> 9500
C41: (1)各種ボード張り （1重・2重張り） （塗装なし） | D41: m2
C42: (2)各種ボード張り （1重・2重張り） （塗装あり） | D42: m2
C43: (3)吹付け等の直仕上 | D43: m2
C44: （その他 ） | D44: m2
C45: （その他 ） | D45: m2
B46: 天井仕上げ下地 | C46: 軽量鉄骨天井下地 | D46: m2 | F46: ＝ | G46: (1)(2)各種ボード張り面積 | H46: =E41+E42 -> 0 | Q46: =H46 -> 0 | R46: =IF(E46="","－",IF(AND(E46=Q46),"OK","NO")) -> －
B47: 表面仕上げ ＥＰ等塗装 | C47: 石膏ボード、 ケイカル板等、 塗装仕上ボード面 総面積 | D47: m2 | F47: ＝ | G47: (2)各種ボード張り面積 | H47: =E42 -> 0 | Q47: =H47 -> 0 | R47: =IF(E47="","－",IF(AND(E47=Q47),"OK","NO")) -> －
B49: ー４ 開口部
B50: 木製建具 | C50: 木製建具 | D50: か所 | F50: ＝ | G50: 設計図書による箇所数の確認 | Q50: =H50 -> 0 | R50: =IF(E50="","－",IF(AND(E50=Q50),"OK","NO")) -> －
B51: 金属製建具 | C51: 金属製建具 窓、扉・シャッター等 ・アルミニウム製 ・鋼製、軽量鋼製 ・ステンレス製 | D51: か所 | F51: ＝ | G51: 設計図書による箇所数の確認 | Q51: =H51 -> 0 | R51: =IF(E51="","－",IF(AND(E51=Q51),"OK","NO")) -> －
C52: 同上塗装面積 ・鋼製、軽量鋼製 | D52: m2 | F52: ∈ | G52: 建具面積×（２．５）～（３．５） | K52: × | L52: 2.5 | M52: ～ | N52: 3.5 | O52: =H52*L52 -> 0 | P52: ～ | Q52: =H52*N52 -> 0 | R52: =IF(E52="","－",IF(AND(E52>=O52,E52<=Q52),"OK","NO")) -> －

Sheet 金属・ユニットチェックシート
B1: ７．金属 ・ 仕上げユニット | G1: ：手入力項目（空白欄は自動計算）
B2: 名 称 | C2: 摘 要 | D2: 単位 | E2: 内 訳 数 量 | F2: チ ェ ッ ク 項 目 | H2: 数量・ 面積等 | J2: 数量・ 面積等 | L2: 数量・ 面積等 | N2: 係数 | P2: 係数 | Q2: ﾁｪｯｸ 数量 | S2: ﾁｪｯｸ 数量 | T2: 判 定 | U2: 確 認 事 項
B3: (１) 外部金属
B4: －１ 屋根廻り
B5: パラペット笠木 | D5: ｍ | F5: ≒ | G5: 防水立上り部長さにより確認 | S5: =H5 -> 0
B6: ルーフドレン | D6: か所 | F6: ＝ | G6: 設計図書による箇所数の確認 | S6: =H6 -> 0 | T6: =IF(E6="","－",IF(AND(E6=S6),"OK","NO")) -> －
B7: 竪どい | D7: ｍ | F7: ≒ | G7: ルーフドレン数×（ＧＬ～屋根高さ） | S7: =H7 -> 0
B8: 竪どい防露 | C8: 内どい形式 | D8: ｍ | F8: ≒ | G8: 竪どい長さ | S8: =H8 -> 0
B9: 丸環 | D9: か所 | F9: ＝ | G9: 設計図書による箇所数の確認 | S9: =H9 -> 0 | T9: =IF(E9="","－",IF(AND(E9=S9),"OK","NO")) -> －
B10: 煙突金物 | D10: か所 | F10: ＝ | G10: 設計図書による箇所数の確認 | S10: =H10 -> 0 | T10: =IF(E10="","－",IF(AND(E10=S10),"OK","NO")) -> －
B11: 手すり | D11: ｍ | F11: ≒ | G11: パラペット笠木長さにより確認 | S11: =H11 -> 0
S12: =H12 -> 0
B13: －２ 外壁廻り
B14: 懸垂幕受け金物 | D14: か所 | F14: ＝ | G14: 設計図書による箇所数の確認 | S14: =H14 -> 0 | T14: =IF(E14="","－",IF(AND(E14=S14),"OK","NO")) -> －
B15: タラップ | D15: か所 | F15: ＝ | G15: 設計図書による箇所数の確認 | S15: =H15 -> 0 | T15: =IF(E15="","－",IF(AND(E15=S15),"OK","NO")) -> －
B16: 旗竿受け金物 | D16: か所 | F16: ＝ | G16: 設計図書による箇所数の確認 | S16: =H16 -> 0 | T16: =IF(E16="","－",IF(AND(E16=S16),"OK","NO")) -> －
B18: （２） 内部金属
B19: －１ 床
B20: 床マンホール | D20: か所 | F20: ＝ | G20: 設計図書による箇所数の確認 | S20: =H20 -> 0 | T20: =IF(E20="","－",IF(AND(E20=S20),"OK","NO")) -> －
B21: 床点検口 | D21: か所 | F21: ＝ | G21: 設計図書による箇所数の確認 | S21: =H21 -> 0 | T21: =IF(E21="","－",IF(AND(E21=S21),"OK","NO")) -> －
B22: 排水溝蓋 | D22: ｍ | F22: ＝ | G22: 設計図書による箇所数の確認 | S22: =H22 -> 0 | T22: =IF(E22="","－",IF(AND(E22=S22),"OK","NO")) -> －
B23: 階段ノンスリップ | C23: 階段幅2.5ｍ程度 | D23: ｍ | F23: ∈ | G23: 階段室箇所×（階数－１）× （ ５０ ） ～ （ ６５ ） | I23: × | M23: × | N23: 50 | O23: ～ | P23: 65 | Q23: =H23*J23*N23 -> 0 | R23: ～ | S23: =H23*J23*P23 -> 0 | T23: =IF(E23="","－",IF(AND(E23>=Q23,E23<=S23),"OK","NO")) -> －
B25: －２ 壁
B26: 階段手すり | C26: 手すり子タイプ（内側） | D26: ｍ | F26: ∈ | G26: 階段室箇所×（階数－１）× （ ８ ） ～ （ １１ ） | I26: × | M26: × | N26: 8 | O26: ～ | P26: 11 | Q26: =H26*J26*N26 -> 0 | R26: ～ | S26: =H26*J26*P26 -> 0 | T26: =IF(E26="","－",IF(AND(E26>=Q26,E26<=S26),"OK","NO")) -> －
C27: 壁付きタイプ（外側） | D27: ｍ | F27: ∈ | G27: 階段室箇所×（階数－１）× （ ２０ ） ～ （ ２６ ） | I27: × | M27: × | N27: 20 | O27: ～ | P27: 26 | Q27: =H27*J27*N27 -> 0 | R27: ～ | S27: =H27*J27*P27 -> 0 | T27: =IF(E27="","－",IF(AND(E27>=Q27,E27<=S27),"OK","NO")) -> －
B28: 便所手すり | D28: か所 | F28: ＝ | G28: 設計図書による箇所数の確認 | S28: =H28 -> 0 | T28: =IF(E28="","－",IF(AND(E28=S28),"OK","NO")) -> －
B29: タラップ | C29: ピット等 | D29: か所 | F29: ＝ | G29: 設計図書による箇所数の確認 | S29: =H29 -> 0 | T29: =IF(E29="","－",IF(AND(E29=S29),"OK","NO")) -> －
B30: 煙突廻り金物 | D30: か所 | F30: ＝ | G30: 設計図書による箇所数の確認 | S30: =H30 -> 0 | T30: =IF(E30="","－",IF(AND(E30=S30),"OK","NO")) -> －
B31: －３ 天井
B32: 天井点検口 | D32: か所 | F32: ＝ | G32: 設計図書による箇所数の確認 | S32: =H32 -> 0 | T32: =IF(E32="","－",IF(AND(E32=S32),"OK","NO")) -> －
B34: （３） 外部仕上ユニット
B35: 煙突ライニング材 | D35: ｍ | F35: ≒ | G35: 建物高さ＋（２～５ｍ） | I35: + | S35: =H35+J35 -> 0
B36: 靴ふきマット | C36: 配水管・目皿 | D36: か所 | F36: ＝ | G36: 設計図書による箇所数の確認 | S36: =H36 -> 0 | T36: =IF(E36="","－",IF(AND(E36=S36),"OK","NO")) -> －
B38: （４） 内部仕上ユニット
B39: －１ 全体
B40: 案内板関係 | C40: 室名札・ﾋﾟｸﾄｸﾞﾗﾌ等 | D40: か所 | F40: ＝ | G40: 設計図書による箇所数の確認 | S40: =H40 -> 0 | T40: =IF(E40="","－",IF(AND(E40=S40),"OK","NO")) -> －
B41: ブラインド | D41: ㎡ | F41: ≒ | G41: ガラス面積により確認 | S41: =H41 -> 0
B42: カーテン | D42: か所 | F42: ＝ | G42: 設計図書による箇所数の確認 | S42: =H42 -> 0 | T42: =IF(E42="","－",IF(AND(E42=S42),"OK","NO")) -> －
B43: ブラインドボックス | D43: ｍ | F43: ≒ | G43: ＡＷの総幅により確認 | S43: =H43 -> 0
B44: カーテンレール | D44: ｍ | F44: ≒ | G44: カーテンの延べ幅により確認 | S44: =H44 -> 0
B45: 書架 | D45: か所 | F45: ＝ | G45: 設計図書による箇所数の確認 | S45: =H45 -> 0 | T45: =IF(E45="","－",IF(AND(E45=S45),"OK","NO")) -> －
B46: 家具等 | D46: か所 | F46: ＝ | G46: 設計図書による箇所数の確認 | S46: =H46 -> 0 | T46: =IF(E46="","－",IF(AND(E46=S46),"OK","NO")) -> －
B47: 既製間仕切 | D47: か所 | F47: ＝ | G47: 設計図書による箇所数の確認 | S47: =H47 -> 0 | T47: =IF(E47="","－",IF(AND(E47=S47),"OK","NO")) -> －
B48: 可動間仕切 | D48: か所 | F48: ＝ | G48: 設計図書による箇所数の確認 | S48: =H48 -> 0 | T48: =IF(E48="","－",IF(AND(E48=S48),"OK","NO")) -> －
B50: －２ 水回り
B51: 流し台 | D51: か所 | F51: ＝ | G51: 設計図書による箇所数の確認 | S51: =H51 -> 0 | T51: =IF(E51="","－",IF(AND(E51=S51),"OK","NO")) -> －
B52: コンロ台 | D52: か所 | F52: ＝ | G52: 設計図書による箇所数の確認 | S52: =H52 -> 0 | T52: =IF(E52="","－",IF(AND(E52=S52),"OK","NO")) -> －
B53: 吊り戸棚 | D53: か所 | F53: ＝ | G53: 設計図書による箇所数の確認 | S53: =H53 -> 0 | T53: =IF(E53="","－",IF(AND(E53=S53),"OK","NO")) -> －
B54: 水切り棚 | D54: か所 | F54: ＝ | G54: 設計図書による箇所数の確認 | S54: =H54 -> 0 | T54: =IF(E54="","－",IF(AND(E54=S54),"OK","NO")) -> －
B55: 流し上部見切り | D55: ｍ | F55: ≒ | G55: （流し台＋コンロ台）長さ×箇所数 | S55: =H55 -> 0
B56: フード | D56: か所 | F56: ＝ | G56: 設計図書による箇所数の確認 | S56: =H56 -> 0 | T56: =IF(E56="","－",IF(AND(E56=S56),"OK","NO")) -> －
B58: －３ トイレ廻り
B59: トイレブース | D59: ｍ | F59: ≒ | G59: 設計図書による概数の確認 | S59: =H59 -> 0
B60: 洗面台 | D60: か所 | F60: ＝ | G60: 設計図書による箇所数の確認 | S60: =H60 -> 0 | T60: =IF(E60="","－",IF(AND(E60=S60),"OK","NO")) -> －
B61: 鏡 | D61: か所 | F61: ＝ | G61: 設計図書による箇所数の確認 | S61: =H61 -> 0 | T61: =IF(E61="","－",IF(AND(E61=S61),"OK","NO")) -> －
B62: 甲板 | D62: ｍ | F62: ≒ | G62: 洗面台長さ×箇所数 | S62: =H62 -> 0

Sheet とりこわしチェックシート　
B1: 工種別チェックシート
B2: とりこわし
B3: １．直接仮設 | G3: ：手入力項目（空白欄は自動計算）
B4: 名 称 | C4: 摘 要 | D4: 単位 | E4: 内 訳 数 量 | F4: チ ェ ッ ク 項 目 | H4: 面積等 | J4: 面積等 | L4: 係数 | N4: 係数 | O4: ﾁｪｯｸ 数量 | Q4: ﾁｪｯｸ 数量 | R4: 判 定 | S4: 確 認 事 項
B5: 外部足場 | C5: 枠組本足場面積 単管本足場面積 | D5: m2 | F5: ≦ | G5: （建物周長＋８ｍ） × パラペットまでの高さ | I5: × | Q5: =H5*J5 -> 0 | R5: =IF(E5="","－",IF(AND(E5<=Q5),"OK","NO")) -> －
C8: 安全手すり | D8: ｍ | F8: ≦ | G8: 外部足場周長 | H8: 5000 | Q8: =H8 -> 5000 | R8: =IF(E8="","－",IF(AND(E8<=Q8),"OK","NO")) -> －
B9: 内部仕上足場 | C9: 脚立足場 | D9: m2 | F9: ≒ | G9: 延べ面積 | H9: =建築工事躯体集計表!$C$7 -> 10000 | Q9: =H9 -> 10000
C10: 簡易移動式足場 | D10: m2
C11: その他 | D11: m2
C12: 計
B13: 災害防止 | C13: 外部足場シート類 | D13: m2 | F13: ≒ | G13: 外部足場面積 | H13: =E5 -> 0 | Q13: =H13 -> 0
C15: 外部足場小幅ネット | D15: ｍ | F15: ≦ | G15: （建物周長＋８ｍ）×（建物階数） | I15: × | Q15: =H15*J15 -> 0 | R15: =IF(E15="","－",IF(AND(E15<=Q15),"OK","NO")) -> －
B17: ２．躯 体 | G17: ：手入力項目（空白欄は自動計算）
B18: 名 称 | C18: 摘 要 | D18: 単位 | E18: 内 訳 数 量 | F18: チ ェ ッ ク 項 目 | H18: 面積等 | J18: 面積等 | L18: 係数 | N18: 係数 | O18: ﾁｪｯｸ 数量 | Q18: ﾁｪｯｸ 数量 | R18: 判 定 | S18: 確 認 事 項
B19: －１ コンクリート
B20: 躯体コンクリート | C20: コンクリート総量 | D20: m3 | F20: ∈ | G20: 延べ面積 ×（ ０．５ ）～（ ０．８ ） | H20: =建築工事躯体集計表!$C$7 -> 10000 | K20: × | L20: 0.5 | M20: ～ | N20: 0.8 | O20: =H20*L20 -> 5000 | P20: ～ | Q20: =H20*N20 -> 8000 | R20: =IF(E20="","－",IF(AND(E20>=O20,E20<=Q20),"OK","NO")) -> －
B21: 注）事務を取扱う庁舎、２階建て程度
B23: ３．外部仕上げ | G23: ：手入力項目（空白欄は自動計算）
B24: 名 称 | C24: 摘 要 | D24: 単位 | E24: 内 訳 数 量 | F24: チ ェ ッ ク 項 目 | H24: 面積等 | J24: 面積等 | L24: 係数 | N24: 係数 | O24: ﾁｪｯｸ 数量 | Q24: ﾁｪｯｸ 数量 | R24: 判 定 | S24: 確 認 事 項
B25: －１ 屋根仕上
B26: 屋根防水層 | C26: 平部 | D26: m2 | F26: ≒ | G26: 建築面積 | H26: =建築工事躯体集計表!$A$7 -> 4500 | Q26: =H26 -> 4500
C27: 立上り部（Ｈ＝４００） | D27: m2 | F27: ≧ | G27: 建築面積×周長率※×０．４ | I27: × | K27: × | L27: 0.4 | Q27: =H27*J27*L27 -> 0 | R27: =IF(E27="","－",IF(AND(E27>=Q27),"OK","NO")) -> －
B28: 防水押えレンガ積み | C28: 立上り部 | D28: m2 | F28: ≧ | G28: 建築面積×周長率※×０．３２ | I28: × | K28: × | L28: 0.32 | Q28: =H28*J28*L28 -> 0 | R28: =IF(E28="","－",IF(AND(E28>=Q28),"OK","NO")) -> －
B29: 防水立上り保護 | C29: 乾式工法 | D29: ｍ | F29: ≧ | G29: 建築面積×周長率※ | I29: × | Q29: =H29*J29*L29 -> 0 | R29: =IF(E29="","－",IF(AND(E29>=Q29),"OK","NO")) -> －
B30: －２ 外壁仕上
B31: 外壁仕上種別 （下記による） | C31: 外壁総面積 開口部（ガラス）面積 を含む | D31: m2 | F31: ∈ | G31: (1) 延べ面積×（０．７）～（１．２） | H31: =建築工事躯体集計表!$C$7 -> 10000 | K31: × | L31: 0.7 | M31: ～ | N31: 1.2 | O31: =H31*L31 -> 7000 | P31: ～ | Q31: =H31*N31 -> 12000 | R31: =IF(E31="","－",IF(AND(E31>=O31,E31<=Q31),"OK","NO")) -> －
F32: ≒ | G32: (2) 建物周長× パラペットまでの高さ | I32: × | Q32: =H32*J32*L32 -> 0
B33: 外壁タイル張り仕上 | C33: タイル張り（平面） | D33: m2 | F33: ≒ | Q33: =H33*J33*L33 -> 0
C34: 下地モルタル | D34: m2 | F34: ＝ | G34: タイル張り面積（役物を含む） | H34: =E33 -> 0 | Q34: =H34*J34*L34 -> 0 | R34: =IF(E34="","－",IF(AND(E34=Q34),"OK","NO")) -> －
B35: 外壁打放し吹付け 外壁打放し塗装仕上 | C35: 吹付け、塗装面積 | D35: m2 | F35: ≒ | Q35: =H35*J35*L35 -> 0
B36: その他仕上 | C36: 外壁主仕上の総面積 | D36: m2 | F36: ≒ | Q36: =H36*J36*L36 -> 0
B37: ガラス | C37: ガラス総面積 | D37: m2 | F37: ∈ | G37: 外壁見付面積（開口部含む） ×（０．１）～（０．３） | H37: =E31 -> 0 | K37: × | L37: 0.1 | M37: ～ | N37: 0.3 | O37: =H37*L37 -> 0 | P37: ～ | Q37: =H37*N37 -> 0 | R37: =IF(E37="","－",IF(AND(E37>=O37,E37<=Q37),"OK","NO")) -> －
B38: －３ 外部建具
B39: 外部建具 | C39: 金属製建具 窓・扉・シャッター等 ・アルミニウム製 ・鋼製、軽量鋼製 ・ステンレス製 | D39: か所 | F39: ＝ | G39: 設計図書による箇所数の確認 | Q39: =H39*J39*L39 -> 0 | R39: =IF(E39="","－",IF(AND(E39=Q39),"OK","NO")) -> －
C40: 同上金属製建具 総面積 | D40: m2 | F40: ∈ | G40: 外壁見付面積（開口部含む） ×（０．１）～（０．３） | H40: =E31 -> 0 | K40: × | L40: 0.1 | M40: ～ | N40: 0.3 | O40: =H40*L40 -> 0 | P40: ～ | Q40: =H40*N40 -> 0 | R40: =IF(E40="","－",IF(AND(E40>=O40,E40<=Q40),"OK","NO")) -> －
B41: 注） 周長率※ ＝ 建築面積に対する外壁総長さ／建築面積
B43: ４．内部仕上げ | G43: ：手入力項目（空白欄は自動計算）
B44: 名 称 | C44: 摘 要 | D44: 単位 | E44: 内 訳 数 量 | F44: チ ェ ッ ク 項 目 | H44: 面積等 | J44: 面積等 | L44: 係数 | N44: 係数 | O44: ﾁｪｯｸ 数量 | Q44: ﾁｪｯｸ 数量 | R44: 判 定 | S44: 確 認 事 項
B45: －１ 床仕上げ
B46: 床仕上げ （主仕上げ） | C46: 床主仕上げの総面積 （下記による） | D46: m2 | E46: （Ａ） | F46: ≒ | G46: 延べ面積×０．９５ | K46: × | L46: 0.95 | Q46: =H46*L46 -> 0
C47: (1)ビニルタイル | D47: m2
C48: (2)ビニルシート | D48: m2
C49: (3)カーペット類 | D49: m2
C50: (4)タイル張り | D50: m2
C51: (5)モルタル塗り | D51: m2
C52: (6)コンクリート直均し仕上げ | D52: m2
C53: (7)合成樹脂塗り床 | D53: m2
C54: (8)畳・フローリング等 | D54: m2
C55: その他（ ） | D55: m2
B56: 床仕上げ下地 | C56: 張物下コンクリート 直均し仕上げ | D56: m2 | F56: ＝ | G56: (1)(2)(3)張物仕上げ面積 | H56: =SUM(E47:E49) -> 0 | Q56: =H56*J56*L56 -> 0
C57: 張物下モルタル | D57: m2
C58: タイル下モルタル | D58: m2 | F58: ＝ | G58: (4)タイル張り面積 | H58: =E50 -> 0 | Q58: =H58*J58*L58 -> 0 | R58: =IF(E58="","－",IF(AND(E58=Q58),"OK","NO")) -> －
C59: 塗り床下モルタル | D59: m2 | F59: ＝ | G59: (7)合成樹脂塗り床面積 | H59: =E51 -> 0 | Q59: =H59*J59*L59 -> 0 | R59: =IF(E59="","－",IF(AND(E59=Q59),"OK","NO")) -> －
C60: フリーアクセスフロア | D60: m2 | F60: ＝ | G60: (3)カーペット類 | H60: =E52 -> 0 | Q60: =H60*J60*L60 -> 0 | R60: =IF(E60="","－",IF(AND(E60=Q60),"OK","NO")) -> －
C61: （その他 ） | D61: m2
B62: －２ 壁仕上げ
B63: 壁仕上げ （主仕上げ） | C63: 壁主仕上げの総面積 （下記による） | D63: m2 | E63: （Ｂ） | F63: ∈ | G63: 延べ面積×（１．０）～（１．８） | H63: =建築工事躯体集計表!$C$7 -> 10000 | K63: × | L63: 1 | M63: ～ | N63: 1.8 | O63: =H63*L63 -> 10000 | P63: ～ | Q63: =H63*N63 -> 18000 | R63: =IF(E63="","－",IF(AND(E63>=O63,E63<=Q63),"OK","NO")) -> NO
C64: (1)モルタル塗り | D64: m2
C65: (2)モルタル塗り （塗装下） | D65: m2
C66: (3)モルタル塗り （壁紙張り下） | D66: m2
C67: (4)各種ボード張り （1重・2重張り） （塗装下） | D67: m2
C68: (5)各種ボード張り （1重・2重張り） （壁紙下） | D68: m2
C69: (6)タイル張り | D69: m2
C70: (7)吹付け仕上げ | D70: m2
C71: （その他 ） | D71: m2
C72: （その他 ） | D72: m2
B73: 壁仕上げ下地 | C73: 軽量鉄骨間仕切 （65・90・100型） | D73: m2 | F73: ∈ | G73: 各種ボード張り（LGS下地)総面積× （０．６）～（０．９） | H73: =E67 -> 0 | K73: × | L73: 0.6 | M73: ～ | N73: 0.9 | O73: =H73*L73 -> 0 | P73: ～ | Q73: =H73*N73 -> 0 | R73: =IF(E73="","－",IF(AND(E73>=O73,E73<=Q73),"OK","NO")) -> －
C74: タイル下地モルタル | D74: m2 | F74: ＝ | G74: (6)タイル張り面積 | H74: =E69 -> 0 | Q74: =H74*J74*L74 -> 0 | R74: =IF(E74="","－",IF(AND(E74=Q74),"OK","NO")) -> －
B75: 表面仕上げ 壁紙張り | C75: モルタル面 | D75: m2 | F75: ＝ | G75: (3)モルタル塗り（壁紙張り下)面積 | H75: =E66 -> 0 | Q75: =H75*J75*L75 -> 0 | R75: =IF(E75="","－",IF(AND(E75=Q75),"OK","NO")) -> －
C76: 各種ボード面 | D76: m2 | F76: ＝ | G76: (5)各種ボード張り（壁紙張り下）面積 | H76: =E68 -> 0 | Q76: =H76*J76*L76 -> 0 | R76: =IF(E76="","－",IF(AND(E76=Q76),"OK","NO")) -> －
B77: －３ 天井仕上げ
B78: 天井仕上げ | C78: 主仕上げの総面積 （下記による） | D78: m2 | E78: （Ｃ） | F78: ≒ | G78: 延べ面積×０．９５ | H78: =E72 -> 0 | K78: × | L78: 0.6 | M78: ～ | N78: 0.9 | O78: =H78*L78 -> 0 | P78: ～ | Q78: =H78*N78 -> 0
C79: (1)各種ボード張り （1重・2重張り） （塗装なし） | D79: m2
C80: (2)各種ボード張り （1重・2重張り） （塗装あり） | D80: m2
C81: (3)吹付け等の直仕上 | D81: m2
C82: （その他 ） | D82: m2
C83: （その他 ） | D83: m2
B84: 天井仕上げ下地 | C84: 軽量鉄骨天井下地 | D84: m2 | F84: ＝ | G84: (1)(2)各種ボード張り面積 | H84: =E79+E80 -> 0 | Q84: =H84*J84*L84 -> 0 | R84: =IF(E84="","－",IF(AND(E84=Q84),"OK","NO")) -> －
B85: ー４ 開口部
B86: 金属製建具 | C86: 金属製建具 窓、扉・シャッター等 ・アルミニウム製 ・鋼製、軽量鋼製 ・ステンレス製 | D86: か所 | F86: ＝ | G86: 設計図書による箇所数の確認 | Q86: =H86*J86*L86 -> 0 | R86: =IF(E86="","－",IF(AND(E86=Q86),"OK","NO")) -> －
B88: ５．土 工 | G88: ：手入力項目（空白欄は自動計算）
B89: 名 称 | C89: 摘 要 | D89: 単位 | E89: 内 訳 数 量 | F89: チ ェ ッ ク 項 目 | H89: 面積等 | J89: 面積等 | L89: 面積等 | N89: 係数 | O89: ﾁｪｯｸ 数量 | Q89: ﾁｪｯｸ 数量 | R89: 判 定 | S89: 確 認 事 項
B90: 埋戻し | C90: 地下室等のない場合 | D90: m3 | F90: ≒ | G90: （基礎部ｺﾝｸﾘｰﾄ＋砂利地業＋ 捨ｺﾝｸﾘｰﾄ）の体積 | I90: ＋ | K90: ＋ | Q90: =H90+J90+L90 -> 0
C92: 地下室等のある場合 | D92: m3 | F92: ≒ | G92: 地下部建築面積×埋戻し面から 砂利地業までの深さ | I92: × | Q92: =H92*J92 -> 0
B94: 盛土 | D94: m3 | F94: ≒ | G94: 建築面積×埋戻し面から盛土面 までの高さ | I94: × | Q94: =H94*J94 -> 0

Sheet 数量算出チェックリスト表紙（改修工事）
A9: 数量算出チェックリスト
A11: （改修工事用）
A18: 業務名
A22: 施設名
A26: 業務受注者名
A31: 担当者名
B34: 管理技術者:
B38: 主任担当技術者（積算）:
B42: 担当技術者（積算）:

Sheet ●数量算出チェックリスト（改修工事）
C1: Ⅰ．基本事項
D2: １．数量基準
B3: チェック項目 | G3: チ ェ ッ ク 内 容 | I3: 確認
I4: 仕 | J4: 数 | K4: ▼
D5: 数量 | G5: 数量は、設計数量とする。ただし、計画数量又は所要数量を求める場合は、数量積算基準に示す方法としたか。
D6: 設計寸法 | G6: 設計寸法は、設計図書に記載された寸法、記載された寸法から計測・計算することのできる寸法及び計測器具により読み取ることのできる寸法としたか。
D7: 単位 | G7: 計測・計算の単位は、原則としてｍ、㎡、ｍ3及びｔとなっているか。 また、少量の施工が点在する場合の数量は、か所等の適切な単位としたか。
D8: 端数処理 | G8: 端数処理は、四捨五入としたか。
D9: 計測寸法 | G9: 計測寸法の単位はｍとし、小数点以下第２位としたか。
C11: Ⅱ．工事費の積算
D12: １ 一般事項
B13: チェック項目 | G13: チ ェ ッ ク 内 容 | I13: 確認
I14: 仕 | J14: 数 | K14: ▼
D15: 一般事項 | G15: 施工量が少量または僅少の場合、施工場所が点在する場合及び工程上連続作業が困難な場合等の単価及び価格は、施工に最低限必要な材料・労務・機械器具等を考慮したか。
G16: 設計変更における基準は、当初設計における工事費積算時の基準としたか。
D18: ２ 仮設
B19: チェック項目 | G19: チ ェ ッ ク 内 容 | I19: 確認
I20: 仕 | J20: 数 | K20: ▼
D21: 共通事項 | G21: 工事条件に対して、工期が適正か確認したか。
G22: 任意仮設の項目について仮設計画図を作成し、適正か確認した上で算出したか。
G23: 指定仮設の項目について範囲等を確認して算出したか。
G24: 施工条件明示を確認して算出したか。
G25: 設計図書により必要に応じて盛り替えを算出したか。
G26: ＶＯＣ測定、アスベスト含有調査等の調査の有無を確認して算出したか。
G27: 増築がある場合、増築及び改修に区分して算出したか。
D28: 外部足場 | G28: 改修内容にあった足場想定図を作成し、適切か確認した上で算出したか。
G29: 改修及び撤去のみを区分して算出したか。
G30: 足場の種類（枠組幅等）により区分して算出したか。
D31: 内部足場 | G31: 改修内容（塗装塗り替え程度等）によって区分して算出したか。
G32: 階高によって足場種別を区分して算出したか。
G33: 部屋の全体を改修する場合は躯体又は準躯体の内法面積で算出したか。
G34: 部屋の一部を改修する場合は改修対象面積で算出したか。
G35: 壁改修のみの部分を区分して算出したか。
D36: 階段仕上足場 | G36: ｢ｎ階建｣の建物において階段室床面積×(ｎ－１)として算出したか。
D37: シャフト内足場 | G37: 各階シャフトの合計の床面積として算出したか。
D38: 墨出し | G38: 複合改修及び個別改修に区分して算出したか。
G39: 部屋の全体を改修する場合は躯体又は準躯体の内法面積とし、部屋の一部を改修する場合は改修対象範囲の面積で算出したか。
D40: 養生、整理清掃･後片付け | G40: 複合改修、個別改修、塗装塗り替え程度及び搬出入通路に区分して算出したか。
D41: 仮設間仕切り | G41: 仮設間仕切りの有無、仕様及び位置を確認したか。
D42: 災害防止 | G42: 防護棚、金網張り、シート張り、小幅ネット及び防音パネルは必要の有無を確認して算出したか。
D44: ３ 撤去
B45: チェック項目 | G45: チ ェ ッ ク 内 容 | I45: 確認
I46: 仕 | J46: 数 | K46: ▼
D47: 共通事項 | G47: アスベスト含有仕上げ材の指定の有無を確認し、区分して算出したか。
G48: 当該壁と取り合う床及び壁の撤去範囲について、設計図書で確認したか。
G49: 撤去材の搬出方法について設計図書で確認したか。
G50: カッタ－入れは、設計図書により算出したか。
D51: コンクリート撤去 | G51: 鉄筋コンクリート及び無筋コンクリ－トを区分して算出したか。
G52: 撤去工法(コンクリートブレーカー・人力又は併用）により区分して算出したか。
D53: 防水撤去 | G53: 防水層、保護コンクリート等に区分して面積又は体積を算出したか。
D54: 床撤去 | G54: アスベスト含有ビニル床タイル及びその他ビニル床タイルに区分して算出したか。
G55: アスベスト含有ビニル床シート及びその他ビニル床シートに区分して算出したか。
G56: 合成樹脂塗り床類の除去工法を設計図書で確認して算出したか。
D57: 壁撤去 | G57: 一重張り及び二重張りに区分しさらに、石こうボード、アスベスト含有ボード及びその他ボードに区分して算出したか。
D58: 天井撤去 | G58: 重ね枚数によって区分しさらに、石こうボード、アスベスト含有ボード及びその他ボードに区分して算出したか。
D59: 建具撤去 | G59: 材種及び形状寸法による箇所数を数量として算出したか。
G60: ＲＣ・ＣＢ壁に取り付く撤去建具の建具周囲はつりを算出したか。
D61: 発生材運搬 | G61: 発生材の種別ごとに区分して算出したか。
G62: 運搬距離及びダンプトラックの規格ごとに区分して算出したか。
G63: 敷地状況、発生量等を勘案して算出したか。
D64: 発生材処分 | G64: 発生材の種別ごとに区分して算出したか。
D66: ４ 耐震改修及び躯体
D67: ４－１ 土工･地業
B68: チェック項目 | G68: チ ェ ッ ク 内 容 | I68: 確認
I69: 仕 | J69: 数 | K69: ▼
D70: 共通事項 （土工） | G70: 根切り基準線の位置を確認して算出したか。
G71: 工法及び仕様は設計図書の通りか。
G72: 土工数量の流用計画を作成し、算出した数量に過不足が無いか確認したか。
D73: 根切り | G73: 場外搬出までに小運搬及び再積込みが必要か確認したか。
D74: 埋戻し | G74: 埋戻しの数量＝根切りの数量－(現状ＧＬ以下の基礎又は地下構築物（ピット含む）の体積 ＋砂利地業の体積＋捨てコンクリートの体積)を確認したか。
D75: 床付け | G75: 基礎、基礎梁下、耐圧盤下等の地業面積で算出したか。（小規模土工を除く機械施工を対象とする）
G76: 盛土部分は除いて算出したか。
D77: 仮置き土 | G77: 根切り周辺部に仮置きできるか確認し、できない場合は運搬距離ごとに区分し算出したか。
D78: 建設発生土 | G78: 建設発生土の数量＝根切りの数量＋すきとりの数量－(埋戻しの数量＋盛土の数量)を確認したか。
G79: 運搬距離及びダンプトラックの規格ごとに区分して算出したか。
G80: 処分指定場所ごとに算出したか。
D81: 共通事項 （地業） | G81: 材種、規格、工法等に区分し算出したか。
D82: 砂利地業 | G82: 設計図書に範囲の記載がない場合、躯体側面より０．１ｍの出幅を加えて算出したか。
D83: 割石地業 | G83: 設計図書に範囲の記載がない場合、躯体側面より０．１ｍの出幅を加えて算出したか。
D84: 床下防湿層敷き | G84: 基礎梁際ののみ込みを確認して算出したか。
D85: 床下断熱材敷き | G85: 基礎梁際ののみ込みを確認して算出したか。
D86: ※大規模の場合は、営繕工事積算チェックリスト（新営工事用）を参照する。
D88: ４－２ 鉄筋
B89: チェック項目 | G89: チ ェ ッ ク 内 容 | I89: 確認
I90: 仕 | J90: 数 | K90: ▼
D91: 共通事項 | G91: 規格、形状、寸法等に区分して設計数量で算出したか。
D92: 鉄筋 | G92: 所要数量を求めるときに、割増率（４％）を確認して算出したか。
D93: スクラップ控除 | G93: 鉄筋の割増数量（所要数量－設計数量）に対し、スクラップを７０％として算出したか。
D94: あと施工アンカー | G94: あと施工アンカーは種別ごとに区分して算出したか。
D95: 割裂補強筋 | G95: 割裂補強筋は、種別ごとに区分して算出したか。
D96: ※大規模の場合は、営繕工事積算チェックリスト（新営工事用）を参照する。
D98: ４－３ コンクリート
B99: チェック項目 | G99: チ ェ ッ ク 内 容 | I99: 確認
I100: 仕 | J100: 数 | K100: ▼
D101: コンクリート | G101: 集計表は、①部位別、②階別、③部材別及び④打設別に作成したか。
G102: コンクリート種別ごとに、設計強度、スランプなどにより区分して算出したか。
G103: 構造体強度補正の対象となるコンクリートの補正値及び補正期間を確認したか。
G104: 鉄骨によるコンクリートの欠除を行い、算出したか。
G105: 壁･柱･梁で外部に面する打放しコンクリート部分の増打ち及び意匠上の増打ちの見落としはないか。
G106: コンクリートブロック壁の立上がり壁及び下がり壁の見落しはないか。
...

Sheet 積算数量調書チェックリスト表紙（改修工事）
A9: 積算数量調書チェックリスト
A11: （改修工事用）
A18: 業務名
A22: 施設名
A26: 業務受注者名
A31: 担当者名
B34: 管理技術者:
B38: 主任担当技術者（積算）:
B42: 担当技術者（積算）:

Sheet ●積算数量調書チェックリスト（改修工事）
C1: Ⅰ．基本事項
D2: １．内訳書の記載内容
D3: チェック項目 | G3: チェック内容 | I3: 確認
I4: 数 | J4: ▼
D5: 種目別内訳書 | G5: 直接工事費の種目を設計図書の表示に従い各工事種目ごとに区分したか。
G6: 全体工事のうち、一部分について全体工期より先に完成を指定した部分(指定部分）等がある場合は、当該部分を区分して記載したか。
D7: 科目別内訳書 | G7: 設計図書の工事種目等を標準として直接工事費を科目に区分しその科目を記載したか。
D8: 中科目別内訳書 | G8: 科目別内訳において区分した科目をさらに主要な構成に従い区分し、その中科目を記載したか。ただし、工事内容等により区分する必要がない場合は、省略したか。
D9: 細目別内訳書 | G9: 各科目あるいは中科目に属する細目毎に数量を記載したか。
G10: 摘要欄は、材種、形状、寸法、工法、その他単価に対応する条件などを記載したか。
C12: Ⅱ．工事費の積算
D13: １ 一般共通事項
B14: チェック項目 | F14: チ ェ ッ ク 内 容 | I14: 確認
I15: 数 | J15: ▼
D16: 一般事項 | G16: 施工量が少量または僅少の場合、施工場所が点在する場合及び工程上連続作業が困難な場合等の単価及び価格は、施工に最低限必要な材料・労務・機械器具等を考慮したか。
G17: 設計変更における基準は、当初設計における工事費積算時の基準としたか。
D19: ２ 仮設
D20: チェック項目 | G20: チェック内容 | I20: 確認
I21: 数 | J21: ▼
D22: 共通事項 | G22: 項目及び数量は間違いなく転記したか。
G23: 指定仮設の設置期間は図示のとおりか。
D24: 墨出し | G24: 計上された項目が複合改修及び個別改修に区分したか。
D25: 養生、整理清掃･後片付け | G25: 計上された項目が複合改修、個別改修、塗装塗り替え程度及び搬出入通路に区分したか。
D26: 外部足場 | G26: 各部位ごとの足場の存置日数は適切か。
D27: 内部足場 | G27: 階高によって足場種別を区分したか。
D28: 災害防止 | G28: 防護棚、金網張り、シート張り、小幅ネット、防音パネル等の計上漏れはないか。
G29: 金網張り、シート張りの架面積と足場架面積は等しくなっているか。
D30: 仮設間仕切り | G30: 設計図書による種別ごとに計上したか。
D31: 仮設材運搬 | G31: 計上した仮設材と仮設材運搬の数量は整合しているか。
D34: ３ 撤去
D35: チェック項目 | G35: チェック内容 | I35: 確認
I36: 数 | J36: ▼
D37: 共通事項 | G37: 部位別に、材質、形状、寸法、工法等に区分して計上したか。
G38: 項目及び数量は間違いなく転記したか。
D41: ４ 耐震改修及び躯体
D42: ４－１ 土工･地業
D43: チェック項目 | G43: チェック内容 | I43: 確認
I44: 数 | J44: ▼
D45: 共通事項 | G45: 項目及び数量は間違いなく転記したか。
G46: 根切り、埋戻し土、建設発生土等の数量が整合しているか。
D47: 根切り | G47: 人力・機械施工の選択は適切か。
D48: 埋戻し | G48: 埋戻し土の種別は設計図書のとおりか確認したか。
G49: Ａ種及びＤ種の場合、締め固めによる材料の変化率及び割増率を考慮したか。
G50: Ｃ種の場合、運搬費及び積み込み費は工事範囲に含めるか確認したか。
D51: 砂利地業 | G51: 厚さが３００mmを超えている場合は３００mmごとに締め固めをみているか。
D52: ※大規模の場合は、営繕工事積算チェックリスト（新営工事用）を参照する。
D54: ４－２ 鉄筋
D55: チェック項目 | G55: チェック内容 | I55: 確認
I56: 数 | J56: ▼
D57: 共通事項 | G57: 項目及び数量は間違いなく転記したか。
G58: 規格、仕様等は設計図書のとおりか。
D59: 鉄筋（資材） | G59: 所要数量で計上したか。
G60: スパイラル筋は、設計数量で計上したか。
D61: スクラップ控除 | G61: 鉄筋の割増数量（所要数量－設計数量）に対し、スクラップを７０％として算出したか。
D62: 鉄筋加工組立 | G62: 設計数量を計上したか。
D63: 鉄筋運搬 | G63: 鉄筋運搬は計上したか。また、僅少又は少量の場合の運搬費を検討したか。
D64: ※大規模の場合は、営繕工事積算チェックリスト（新営工事用）を参照する。
D66: ４－３ コンクリート
D67: チェック項目 | G67: チェック内容 | I67: 確認
I68: 数 | J68: ▼
D69: 共通事項 | G69: 項目及び数量は間違いなく転記したか。
G70: コンクリート種別、設計強度、スランプ等は設計図書のとおりか。
D71: コンクリート | G71: 無筋コンクリートの強度を確認したか。
D72: 打設手間 | G72: 打設部位ごと、打設回数ごとに計上したか。
D73: 圧送費 | G73: 基本料金及び圧送費を計上したか。
D74: 構造体強度補正 | G74: 対象地域及び打設工程を確認して、コンクリート仕様ごとの構造体強度補正を計上したか。
D75: 養生 | G75: 寒冷期（外気温３℃未満）にやむを得ずコンクリート打設を行う場合、養生のための足場、シート等を計上したか。
D76: ※大規模の場合は、営繕工事積算チェックリスト（新営工事用）を参照する。
D78: ４－４ 型枠
D79: チェック項目 | G79: チェック内容 | I79: 確認
I80: 数 | J80: ▼
D81: 共通事項 | G81: 項目及び数量は間違いなく転記したか。
G82: 普通合板型枠、打放し合板型枠等は設計図書のとおりか。
D83: 型枠 | G83: 普通合板型枠、打放し合板型枠等を材料、工法、コンクリート打設部位等に区分して計上したか。
D84: 打放し面補修 | G84: 打放し補修面積と対応する打放し型枠面積が一致するか。
D85: 型枠運搬 | G85: 型枠運搬数量＝普通型枠数量＋打放し型枠数量としたか。
G86: 型枠単価に運搬費が含まれている型枠と区分して計上したか。
G87: 僅少又は少量の場合の運搬費を検討したか。
D88: ※大規模の場合は、営繕工事積算チェックリスト（新営工事用）を参照する。
D90: ４－５ 鉄骨
D91: チェック項目 | G91: チェック内容 | I91: 確認
I92: 数 | J92: ▼
D93: 共通事項 | G93: 【主体鉄骨】及び【附帯鉄骨】に区分して計上したか。
G94: 【工場製作】及び【現場建方】に区分して計上したか。
G95: 項目及び数量は間違いなく転記したか。
G96: 規格、形状、寸法等は設計図書のとおりか。
D97: 鋼材 | G97: 所要数量で計上したか。
D98: 工場加工組立 | G98: 設計数量(現場本締ボルトは含まず)で計上したか。
D99: スクラップ控除 | G99: 鉄骨の割増数量（所要数量－設計数量）に対し、スクラップを７０％として算出したか。
D100: 主体鉄骨建方 | G100: 設計数量(現場本締ボルトは含まず)で計上したか。
D101: 建方機械器具 | G101: 揚重機規格別に存置日数を計上したか。
G102: 共通仮設費に積上げとして計上したか。
D103: ※大規模の場合は、営繕工事積算チェックリスト（新営工事用）を参照する。
D105: ５ 防水改修
D106: チェック項目 | G106: チェック内容 | I106: 確認
I107: 数 | J107: ▼
D108: 共通事項 | G108: 項目及び数量は間違いなく転記したか。
G109: 規格、仕様等は設計図書のとおりか。
D110: 改修工法 | G110: 工法の摘要は設計図書のとおりか。
D111: 墨出し | G111: 改修工法により計上したか。
...

Sheet 数量チェックシート表紙（改修工事）
A9: 数量チェックシート
A11: （改修工事用）
A18: 業務名
A22: 施設名
A26: 業務受注者名
A31: 担当者名
B34: 管理技術者:
B38: 主任担当技術者（積算）:
B42: 担当技術者（積算）:

Sheet チェック項目 (2)
A1: 数量チェックシート（積算数量調書チェック項目）
A3: 改修工事
A4: チェック項目 | B4: チ ェ ッ ク 内 容 | C4: 確 認
A5: 共通事項 | B5: ・仕上げ改修では、撤去及び改修面積の数量がほぼ同一となるのが 一般的であるため整合について確認を行う。
A6: １ 直接仮設 | B6: ・墨出し、養生及び整理清掃後片付けの面積は、床又は天井改修面積 との比較により確認を行う。 ・外部足場面積は、外壁改修面の建物高さ及び周長により概略面積を 算出し確認を行う。 ・内部足場面積は、天井改修面積との比較により確認を行う。
A7: ２ 防水改修 | B7: ・全面改修の場合、建築面積との比較により確認を行う。
A8: ３ 外壁改修 | B8: ・全面改修の場合、延べ面積との比較により確認を行う。 ・隠蔽部分の改修項目については、数量明示による。
A9: ４ 建具改修 | B9: ・設計図書により箇所数の確認を行う。
A10: ５ 内装改修 | B10: ・改修する室及び部位が個々に違うため主に仕上げ部位ごとの 主仕上げ、表面処理及び下地面積の整合を確認する。 また、直接仮設との面積の整合を確認する。

Sheet 改修工事チェックシート 
B1: 改修工事
B2: １ 直接仮設 | G2: ：手入力項目（空白欄は自動計算）
B3: 名 称 | C3: 摘 要 | D3: 単位 | E3: 内 訳 数 量 | F3: チ ェ ッ ク 項 目 | H3: 数量・ 面積等 | J3: 数量・ 面積等 | L3: 係数 | N3: 係数 | O3: ﾁｪｯｸ 数量 | Q3: ﾁｪｯｸ 数量 | R3: 判 定 | S3: 確 認 事 項
B4: 墨出し | C4: 水勾配の調整を行う 防水改修 | D4: m2 | F4: ≒ | G4: 改修面積 | Q4: =H4 -> 0
C5: 外壁タイル張替 モルタル塗替等改修 | D5: m2 | F5: ＝ | G5: 改修面積 | Q5: =H5 -> 0 | R5: =IF(E5="","－",IF(AND(E5=Q5),"OK","NO")) -> －
C6: 内装改修 （個別・複合改修） | D6: m2 | F6: ≒ | G6: 床又は天井改修総面積 | Q6: =H6 -> 0
B7: 養生 整理清掃後片付け | C7: 防水改修 | D7: m2 | F7: ≒ | G7: 建築面積 | Q7: =H7 -> 0
C8: 外壁改修 | D8: m2 | F8: ≒ | G8: （建物周長＋８ｍ）×２ｍ | K8: × | L8: 2 | Q8: =H8*L8 -> 0
C9: 内装改修 （個別・複合改修） | D9: m2 | F9: ≒ | G9: 床又は天井改修総面積 | Q9: =H9 -> 0
B10: 外部足場 | D10: m2 | F10: ≒ | G10: （建物周長＋８ｍ） × パラペットまでの高さ | I10: × | Q10: =H10*J10 -> 0
B11: 内部足場 | C11: 内装改修 （個別・複合改修） | D11: m2 | F11: ≒ | G11: 天井改修総面積 | Q11: =H11 -> 0
B15: ２ 防水改修 | G15: ：手入力項目（空白欄は自動計算）
B16: 名 称 | C16: 摘 要 | D16: 単位 | E16: 内 訳 数 量 | F16: チ ェ ッ ク 項 目 | H16: 数量・ 面積等 | J16: 数量・ 面積等 | L16: 係数 | N16: 係数 | O16: ﾁｪｯｸ 数量 | Q16: ﾁｪｯｸ 数量 | R16: 判 定 | S16: 確 認 事 項
B17: ２－１ 撤 去
B18: 屋根防水層 | C18: 平部 | D18: m2 | F18: ＝ | G18: 改修面積又は建築面積 | Q18: =H18 -> 0 | R18: =IF(E18="","－",IF(AND(E18=Q18),"OK","NO")) -> －
C19: 立上り部（Ｈ＝４００） | D19: m2 | F19: ＝ | G19: 改修面積 | Q19: =H19 -> 0 | R19: =IF(E19="","－",IF(AND(E19=Q19),"OK","NO")) -> －
B20: 防水押えレンガ積み | C20: 立上り部 | D20: m2 | F20: ＝ | G20: 改修面積 | Q20: =H20 -> 0 | R20: =IF(E20="","－",IF(AND(E20=Q20),"OK","NO")) -> －
B21: 防水立上り保護 | C21: 乾式工法 | D21: ｍ | F21: ＝ | G21: 改修長さ | Q21: =H21 -> 0 | R21: =IF(E21="","－",IF(AND(E21=Q21),"OK","NO")) -> －
B22: 仕上コンクリート | C22: 防水押え | D22: m2 | F22: ＝ | G22: 改修面積 | Q22: =H22 -> 0 | R22: =IF(E22="","－",IF(AND(E22=Q22),"OK","NO")) -> －
B23: ２－２ 改 修
B24: 屋根防水層 | C24: 平部 | D24: m2 | F24: ≒ | G24: 改修面積又は建築面積 | Q24: =H24 -> 0
C25: 立上り部（Ｈ＝４００） | D25: m2 | F25: ≧ | G25: 建築面積×周長率※×０．４ | I25: × | K25: × | L25: 0.4 | Q25: =H25*J25*L25 -> 0 | R25: =IF(E25="","－",IF(AND(E25>=Q25),"OK","NO")) -> －
B26: 防水押えレンガ積み | C26: 立上り部 | D26: m2 | F26: ≧ | G26: 建築面積×周長率※×０．３２ | I26: × | K26: × | L26: 0.32 | Q26: =H26*J26*L26 -> 0 | R26: =IF(E26="","－",IF(AND(E26>=Q26),"OK","NO")) -> －
B27: 防水立上り保護 | C27: 乾式工法 | D27: ｍ | F27: ≧ | G27: 建築面積×周長率※ | I27: × | Q27: =H27*J27 -> 0 | R27: =IF(E27="","－",IF(AND(E27>=Q27),"OK","NO")) -> －
B28: 仕上コンクリート | C28: 防水押え（厚さ８０） | D28: m3 | F28: ≒ | G28: 改修面積 ×（ ０．０８ ） | K28: × | L28: 0.08 | Q28: =H28*L28 -> 0
B30: 注） 周長率※ ＝ 建物周長／建築面積
B33: ３ 外壁改修 | G33: ：手入力項目（空白欄は自動計算）
B34: 名 称 | C34: 摘 要 | D34: 単位 | E34: 内 訳 数 量 | F34: チ ェ ッ ク 項 目 | H34: 数量・ 面積等 | J34: 数量・ 面積等 | L34: 係数 | N34: 係数 | O34: ﾁｪｯｸ 数量 | Q34: ﾁｪｯｸ 数量 | R34: 判 定 | S34: 確 認 事 項
B35: ３－１ 撤 去
B36: タイル張り | C36: 下地モルタル共 | D36: m2 | F36: ＝ | G36: 改修面積 | Q36: =H36 -> 0 | R36: =IF(E36="","－",IF(AND(E36=Q36),"OK","NO")) -> －
B37: モルタル塗り | D37: m2 | F37: ＝ | G37: 改修面積 | Q37: =H37 -> 0 | R37: =IF(E37="","－",IF(AND(E37=Q37),"OK","NO")) -> －
B38: 吹付け仕上 | C38: 既存塗膜等の除去 | D38: m2 | F38: ＝ | G38: 改修面積 | Q38: =H38 -> 0 | R38: =IF(E38="","－",IF(AND(E38=Q38),"OK","NO")) -> －
B39: その他仕上 | D39: m2 | F39: ＝ | G39: 改修面積 | Q39: =H39 -> 0 | R39: =IF(E39="","－",IF(AND(E39=Q39),"OK","NO")) -> －
B40: ３－２ 改 修
B41: 施工数量調査 | D41: m2 | F41: ＝ | G41: 外壁改修面積又は明示数量 | Q41: =H41 -> 0 | R41: =IF(E41="","－",IF(AND(E41=Q41),"OK","NO")) -> －
B42: 下地補修 | C42: クラック改修 | D42: ｍ | F42: ＝ | Q42: =H42 -> 0 | R42: =IF(E42="","－",IF(AND(E42=Q42),"OK","NO")) -> －
C43: 欠損部改修 | D43: 箇所 | F43: ＝ | G43: 明示数量 | Q43: =H43 -> 0 | R43: =IF(E43="","－",IF(AND(E43=Q43),"OK","NO")) -> －
C44: 浮き部改修 | D44: m2 | F44: ＝ | Q44: =H44 -> 0 | R44: =IF(E44="","－",IF(AND(E44=Q44),"OK","NO")) -> －
C45: 高圧洗浄 | D45: m2 | F45: ＝ | G45: 外壁改修面積又は明示数量 | Q45: =H45 -> 0 | R45: =IF(E45="","－",IF(AND(E45=Q45),"OK","NO")) -> －
B46: 外壁仕上 （下記による） | C46: 全面外壁改修面積 | D46: m2 | E46: =SUM(E47:E52) -> 0 | F46: ∈ | G46: 延床面積×（０．５）～（１．３） | K46: × | L46: 0.5 | M46: ～ | N46: 1.3 | O46: =H46*L46 -> 0 | P46: ～ | Q46: =H46*N46 -> 0 | R46: =IF(E46="","－",IF(AND(E46>=O46,E46<=Q46),"OK","NO")) -> OK
B47: 外壁タイル張り仕上 | C47: タイル張り（平面） | D47: m2 | F47: ≒ | Q47: =H47 -> 0
C48: タイル張り（役物） | D48: ｍ | F48: ∈ | G48: タイル（平面）面積×（０．４）～（１．０） | H48: =E47 -> 0 | K48: × | L48: 0.4 | M48: ～ | N48: 1 | O48: =H48*L48 -> 0 | P48: ～ | Q48: =H48*N48 -> 0 | R48: =IF(E48="","－",IF(AND(E48>=O48,E48<=Q48),"OK","NO")) -> －
C49: 下地モルタル | D49: m2 | F49: ＝ | G49: タイル張り面積（役物を含む） | Q49: =H49 -> 0 | R49: =IF(E49="","－",IF(AND(E49=Q49),"OK","NO")) -> －
B50: 外壁吹付け 外壁打放し塗装仕上 | C50: 吹付け、塗装面積 | D50: m2 | F50: ≒ | Q50: =H50 -> 0
C51: 下地調整面積 | D51: m2 | F51: ＝ | G51: 吹付け、塗装面積 | Q51: =H51 -> 0 | R51: =IF(E51="","－",IF(AND(E51=Q51),"OK","NO")) -> －
B52: その他仕上 | C52: その他（ ） | D52: m2 | F52: ≒ | Q52: =H52 -> 0
C53: その他（ ） | D53: m2 | F53: ≒ | Q53: =H53 -> 0
C54: その他（ ） | D54: m2 | F54: ≒ | Q54: =H54 -> 0
B57: ４ 建具改修 | G57: ：手入力項目（空白欄は自動計算）
B58: 名 称 | C58: 摘 要 | D58: 単位 | E58: 内 訳 数 量 | F58: チ ェ ッ ク 項 目 | H58: 数量・ 面積等 | J58: 数量・ 面積等 | L58: 係数 | N58: 係数 | O58: ﾁｪｯｸ 数量 | Q58: ﾁｪｯｸ 数量 | R58: 判 定 | S58: 確 認 事 項
B59: ４－１ 撤 去
B60: 外部建具 | C60: 金属製建具 （窓、扉・シャッター等） ・アルミニウム製 ・鋼製、鋼製軽量 ・ステンレス製 | D60: 箇所 | F60: ＝ | G60: 設計図書による箇所数の確認 | Q60: =H60 -> 0 | R60: =IF(E60="","－",IF(AND(E60=Q60),"OK","NO")) -> －
B61: 内部建具 | C61: 金属製建具 （窓、扉・シャッター等） ・アルミニウム製 ・鋼製、鋼製軽量 ・ステンレス製 | D61: 箇所 | F61: ＝ | G61: 設計図書による箇所数の確認 | Q61: =H61 -> 0 | R61: =IF(E61="","－",IF(AND(E61=Q61),"OK","NO")) -> －
B62: ガラス | C62: ガラス総面積 | D62: m2 | F62: ≒ | G62: 建具面積 ・アルミニウム製 ・ステンレス製 | Q62: =H62 -> 0
B63: ４－２ 改 修
B64: 外部建具 | C64: 金属製建具 （窓、扉・シャッター等） ・アルミニウム製 ・鋼製、鋼製軽量 ・ステンレス製 | D64: 箇所 | F64: ＝ | G64: 設計図書による箇所数の確認 | Q64: =H64 -> 0 | R64: =IF(E64="","－",IF(AND(E64=Q64),"OK","NO")) -> －
B65: 内部建具 | C65: 金属製建具 （窓、扉・シャッター等） ・アルミニウム製 ・鋼製、鋼製軽量 ・ステンレス製 | D65: 箇所 | F65: ＝ | G65: 設計図書による箇所数の確認 | Q65: =H65 -> 0 | R65: =IF(E65="","－",IF(AND(E65=Q65),"OK","NO")) -> －
B66: 建具塗装 | C66: 塗装面積 ・鋼製、鋼製軽量 | D66: m2 | F66: ∈ | G66: 新設建具面積×（２．５）～（３．５） | K66: × | L66: 2.5 | M66: ～ | N66: 3.5 | O66: =H66*L66 -> 0 | P66: ～ | Q66: =H66*N66 -> 0 | R66: =IF(E66="","－",IF(AND(E66>=O66,E66<=Q66),"OK","NO")) -> －
B67: 建具塗装塗替え | C67: 塗装面積 ・鋼製、鋼製軽量 | D67: m2 | F67: ∈ | G67: 既存建具面積×（２．５）～（３．５） | K67: × | L67: 2.5 | M67: ～ | N67: 3.5 | O67: =H67*L67 -> 0 | P67: ～ | Q67: =H67*N67 -> 0 | R67: =IF(E67="","－",IF(AND(E67>=O67,E67<=Q67),"OK","NO")) -> －
B68: ガラス | C68: ガラス総面積 | D68: m2 | F68: ≒ | G68: 建具面積 ・アルミニウム製 ・ステンレス製 | Q68: =H68 -> 0
B76: ５ 内装改修
B77: ５－１ 床改修 | G77: ：手入力項目（空白欄は自動計算）
B78: 名 称 | C78: 摘 要 | D78: 単位 | E78: 内 訳 数 量 | F78: チ ェ ッ ク 項 目 | H78: 数量・ 面積等 | J78: 数量・ 面積等 | L78: 係数 | N78: 係数 | O78: ﾁｪｯｸ 数量 | Q78: ﾁｪｯｸ 数量 | R78: 判 定 | S78: 確 認 事 項
B79: ５－１－１ 撤 去
C80: 床主仕上げの総面積 （下記による） | D80: m2 | E80: =SUM(E81:E85) -> 0 | F80: ≒ | G80: 改修主仕上げ総面積との 整合のチェック | H80: =E91 -> 0 | Q80: =H80 -> 0
B81: 床仕上げ （主仕上げ） | C81: (1)床張り物撤去 | D81: m2
C82: (2)床張り物撤去 （下地モルタル共） | D82: m2
C83: (3)タイル張り （下地モルタル共） | D83: m2
C84: (4)モルタル塗り | D84: m2
C85: （その他 ） | D85: m2
B86: 床仕上げ下地 | C86: 張り物下地モルタル | D86: m2 | F86: ＝ | G86: (2)床張り物撤去面積 | H86: =E82 -> 0 | Q86: =H86 -> 0 | R86: =IF(E86="","－",IF(AND(E86=Q86),"OK","NO")) -> －
C87: フリーアクセスフロア | D87: m2 | F87: ≒ | G87: (1)床張り物撤去のうちカーペット類面積 | Q87: =H87 -> 0 | R87: =IF(E87="","－",IF(AND(E87=Q87),"OK","NO")) -> －
C88: （その他 ） | D88: m2 | F88: ＝ | Q88: =H88 -> 0 | R88: =IF(E88="","－",IF(AND(E88=Q88),"OK","NO")) -> －
C89: （その他 ） | D89: m2 | F89: ＝ | Q89: =H89 -> 0 | R89: =IF(E89="","－",IF(AND(E89=Q89),"OK","NO")) -> －
B90: ５－１－２ 改 修
B91: 床仕上げ （主仕上げ） | C91: 床主仕上げの総面積 （下記による） | D91: m2 | E91: =SUM(E92:E101) -> 0 | F91: ≒ | G91: 撤去主仕上げ総面積との 整合のチェック | H91: =E80 -> 0 | Q91: =H91 -> 0
C92: (1)ビニルタイル | D92: m2
C93: (2)ビニルタイル (下地モルタル共） | D93: m2
C94: (3)ビニルシート | D94: m2
C95: (4)ビニルシート (下地モルタル共） | D95: m2
C96: (5)カーペット類 | D96: m2
C97: (6)タイル張り | D97: m2
C98: (7)モルタル塗り | D98: m2
C99: （その他 ） | D99: m2
C100: （その他 ） | D100: m2
C101: （その他 ） | D101: m2
B102: 床仕上げ下地 | C102: 張物下モルタル | D102: m2 | F102: ＝ | G102: (2)(4)ビニル系仕上げ面積 | H102: =E93+E95 -> 0 | Q102: =H102 -> 0 | R102: =IF(E102="","－",IF(AND(E102=Q102),"OK","NO")) -> －
C103: タイル下モルタル | D103: m2 | F103: ＝ | G103: (6)タイル張り面積 | H103: =E97 -> 0 | Q103: =H103 -> 0 | R103: =IF(E103="","－",IF(AND(E103=Q103),"OK","NO")) -> －
C104: フリーアクセスフロア | D104: m2 | F104: ≒ | G104: (5)カーペット類面積 | H104: =E96 -> 0 | Q104: =H104 -> 0 | R104: =IF(E104="","－",IF(AND(E104=Q104),"OK","NO")) -> －
C105: （その他 ） | D105: m2 | F105: ＝ | Q105: =H105 -> 0 | R105: =IF(E105="","－",IF(AND(E105=Q105),"OK","NO")) -> －
C106: （その他 ） | D106: m2 | F106: ＝ | Q106: =H106 -> 0 | R106: =IF(E106="","－",IF(AND(E106=Q106),"OK","NO")) -> －
B110: ５－２ 壁改修 | G110: ：手入力項目（空白欄は自動計算）
B111: 名 称 | C111: 摘 要 | D111: 単位 | E111: 内 訳 数 量 | F111: チ ェ ッ ク 項 目 | H111: 数量・ 面積等 | J111: 数量・ 面積等 | L111: 係数 | N111: 係数 | O111: ﾁｪｯｸ 数量 | Q111: ﾁｪｯｸ 数量 | R111: 判 定 | S111: 確 認 事 項
B112: ５－２－１ 撤 去
C113: 壁主仕上げの総面積 （下記による） | D113: m2 | E113: =SUM(E114:E120) -> 0 | F113: ≒ | G113: 改修主仕上げ総面積との 整合のチェック | H113: =E129 -> 0 | Q113: =H113 -> 0
B114: 壁仕上げ （主仕上げ） | C114: (1)モルタル塗り | D114: m2
C115: (2)モルタル塗り （壁紙張り下） | D115: m2
C116: (3)各種ボード張り （1重・2重張り） （素地・塗装下） | D116: m2
C117: (4)各種ボード張り （1重・2重張り） （壁紙張り下） | D117: m2
C118: (5)タイル張り （下地モルタル共） | D118: m2
...

Sheet 単価資料等チェックリスト表紙
A9: 単価資料等チェックリスト
A18: 業務名
A22: 施設名
A26: 業務受注者名
A31: 担当者名
B34: 管理技術者:
B38: 主任担当技術者（積算）:
B42: 担当技術者（積算）:

Sheet 単価資料等チェックリスト　
A1: 単価資料等チェックリスト
A2: Ⅰ．基本事項 積算基本情報チェックリストによる
A4: Ⅱ．工事費の積算
A5: １．一般共通事項
A6: チェック項目 | B6: チェック内容 | C6: 確認
C7: 単 | D7: ▼
B8: 物価資料の掲載価格を採用又は比較対象とした場合は、規格、寸法、損料等の期間、取引数量等の適用条件と合致しているか。
B9: 設計図書に従い施工計画上必要となる仮設類の盛換え費用、施工条件の制約により割増しとなる費用等を検討するための単価資料を作成したか。
B10: 山間へき地、離島等の特殊な施工条件の場合は、作業員の就労状況、宿舎費、資材の梱包運搬費等の費用を検討するための単価資料を作成したか。
B11: 施工時間が深夜に指定された場合には、割増賃金を考慮し、単価の補正を検討するための単価資料を作成したか。
B12: 掲載価格条件が現地渡しでない場合は、条件を勘案し運搬費を計上するための単価資料を作成したか。（物価資料等における材料価格は、現地渡し価格が標準となっている。）。
B13: 改修工事は、施工条件等を考慮し、単価の補正を検討するための単価資料を作成したか。
B14: 施工量が少量または僅少の場合、施工場所が点在する場合及び工程上連続作業が困難な場合等の単価及び価格は、施工に最低限必要な材料・労務・機械器具等を考慮したか。
B15: 設計変更における基準は、当初設計における工事費積算時の基準としたか。
A17: ２．複合単価
A18: チェック項目 | B18: チェック内容 | C18: 確認
C19: 単 | D19: ▼
A20: 共通事項 | B20: 時間的制約を受ける場合は、労務単価の補正が必要か確認したか。
B21: 「単価基準」及び「基準等資料」で「その他」の率を確認したか。
B22: 「材料費」、「労務費」及び「運搬費及び消耗材料費等」の組合せにより単価資料を作成しているか。
B23: 原則として、「単価基準」の標準歩掛り又は「営繕積算システム等開発利用協議会歩掛り（以下「協議会歩掛り」という。」を採用したか。
B24: 原則として、材料価格等及び材料単価が、物価資料に掲載されている場合はその掲載価格を採用し単価資料を作成したか。
B25: 物価資料に掲載された材料単価等は、平均値を採用し単価資料を作成したか。なお、１つの物価資料にのみ掲載されている場合は、掲載された単価で単価資料を作成したか。
B26: 物価資料の掲載価格が「公表価格」の場合、市中における取引状況等を確認し、補正を検討するための資料を作成したか。
B27: 代価表で歩掛りを作成した場合は、作成の根拠を明示したか。
A29: 仮設
A30: チェック項目 | B30: チェック内容 | C30: 確認
C31: 単 | D31: ▼
A32: 共通仮設費 | B32: 建設用仮設材の存置期間が最低保障期間以下の場合は、最低保障期間分の賃料を考慮し単価資料を作成したか。
B33: 仮囲鉄板が塗装品の場合、別途塗装費は計上していないか。ただし、現場のイメージアップ等で仮囲鉄板への塗装が特記された場合は、別途考慮したか。
B34: 仮囲いにおいて有刺鉄線、亜鉛めっき鉄線を使用している場合は、全損としたか。
B35: 荷揚用揚重機械について、存置日数を適切に計上したか。
B36: 荷揚用揚重機械について、Ｓ造の場合は、鉄骨建方以外の躯体及び仕上分について計上忘れはないか。
A37: 直接仮設
A38: チェック項目 | B38: チェック内容 | C38: 確認
C39: 単 | D39: ▼
A40: 墨出し、 養生、 整理清掃･ 後片付け | B40: 積算根拠として設計図書に基づいた施工計画により、積算したか。
B41: 建物の「延べ面積」部分や建物の附帯部分等ごとに適切な区分としたか。
B42: 「一般」と「小規模、複雑」の区分は適切か。
A43: 外部足場 | B43: 存置日数を標準以外とする場合は、代価表にて「掛払い手間」「基本料」「賃料」単価と「必要となる存置日数」により、１㎡あたりの単価資料を作成したか。
B44: 足場等で存置日数が３０日未満となる場合は、仮設材の賃貸料金が３０日以上の契約期間を対象としていることから、３０日分の賃料で単価資料を作成したか。
B45: 枠組本足場（手すり先行方式）について、ＲＣ造標準日数における枠幅及び足場高さ、階数、建築面積に応じた日数及び「建築面積の大小による補正係数」を考慮したか。
B46: 新築建物に設置する場合、低層部及び高層部に跨がって連続する場合等は、平均存置日数を適切に設定したか。 | F46: とりこわしに関連して表現を修正
B47: とりこわし建物に設置する場合、設計図書を確認し存置日数を適切に設定したか。 | F47: とりこわし工事に対応のため追加
B48: 新築建物に設置する安全手すりは、全ての足場設置した最後に足場最上段に設置し、足場解体する際の最初に解体されることから、設置される足場の階数１における平均存置日数を安全手すりの平均存置日数としたか。 | F48: とりこわしに関連して表現を修正
B49: とりこわし建物に設置する安全手すりは、足場設置及び解体期間が短かく足場存置期間との差が少ないことから、設置される足場の存置日数を安全手すりの存置日数としたか。 | F49: とりこわし工事に対応のため追加
A50: 内部足場 | B50: 内部躯体足場及び内部仕上足場で同型の足場を設置する場合は、「転用階数（転用数）」と設置する階数を同じとしているか。
A51: 内部躯体足場 | B51: 内部躯体足場（鉄筋・型枠足場階高４．０ｍ以下）を内部仕上足場に転用できる場合は、単価資料で仮設材賃料の基本料及び運搬費を計上していないか。
A52: 内部仕上足場 | B52: 「簡易型移動式足場」、「内部階段仕上足場」及び「シャフト内足場」は、原則として転用を考慮しないが、転用が考えられる場合は、内部移動の為の小運搬等を考慮したか。
B53: 転用を行わない足場の最低設計供用日数は３０日としたか。
A54: 災害防止 | B54: 新築建物に設置する場合、外部足場等に架設される災害防止類は、足場平均存置日数から10日減じた日数としたか。 | F54: とりこわしに関連して表現を修正
B55: とりこわし建物に設置する場合、外部足場等に架設される災害防止類は、設置される足場の存置日数としたか。 | F55: とりこわし工事に対応のため追加
B56: 災害防止について、特殊な建物の外壁については、工事内容を考慮したか。
B57: 存置日数を標準以外とする場合は、代価表にて「掛払い手間」「基本料」「賃料」単価と「必要となる存置日数」により、１㎡あたりの単価資料を作成したか。
B58: 新築建物に設置する場合、低層部及び高層部に跨がって連続する場合等は、平均存置日数を適切に設定したか。 | F58: とりこわしに関連して表現を修正
A59: 仮設材運般 | B59: 運搬費について、現場が山間へき地、離島等の場合は実状に応じて補正を検討するための資料を作成したか。
B60: 敷地の状況により車両が入れない場合は、水平小運搬を別途考慮したか。
A61: 土工
A62: チェック項目 | B62: チェック内容 | C62: 確認
C63: 単 | D63: ▼
A64: 根切り | B64: 人力土工は、機械による施工が困難な場合や、小規模で機械による施工が効率的ではない（土工機械運搬を含んだ価格）場合に適用したか。
B65: 小規模土工は、施工範囲が狭隘な部位での施工および標準的な土工機械が搬入できない場合等に適用したか。
B66: 総堀りは、全面に地下階がある建物の掘削や建物下部が全てピットとなっている場合に適用したか。
B67: 工法は山留めの有無を確認し選定したか。
A68: 埋戻し及び盛土 | B68: 山砂及び再生砂の場合、締め固めによる体積の減少を考慮して２０％を標準として割増を見込んだ単価資料を作成したか。
B69: 他現場の建設発生土を搬入し、埋戻し、盛土及び敷均しを行う場合で、積込み及び運搬にかかる費用を設計図書で指定された場合は、その項目の単価資料を作成したか。
A70: 建設発生土 | B70: 建設発生土運搬について、指定された処分地までの運搬距離に応じて単価資料を作成したか。
B71: 建設発生土運搬について、想定される運搬経路がＤＩＤ区間を一部でも通過する場合は、ＤＩＤ区間有りを選定したか。
B72: 建設発生土運搬について、自動車専用道路料金は、設計図書に明記された場合に単価資料を作成したか。
B73: 建設発生土運搬について、ダンプトラックは１０ｔ車を標準とするが、現場状況、道路の幅員等によっては２ｔ、４ｔ車等も考慮したか。
B74: 建設発生土処理は、設計図書に記載された受入施設の処理費用で単価資料を作成したか。
A76: 地業
A77: チェック項目 | B77: チェック内容 | C77: 確認
C78: 単 | D78: ▼
A79: 既製コンクリート杭地業、鋼杭地業及び場所打ちコンクリート杭地業 | B79: 建設発生土等の積込み、運搬及び処分は、設計図書によっているか。（汚泥処理も同様）
A80: ラップルコンクリート | B80: 型枠を使用する場合の型枠種別は「基礎部普通合板型枠」で単価資料を作成したか。
A83: 鉄筋
A84: チェック項目 | B84: チェック内容 | C84: 確認
C85: 単 | D85: ▼
A86: 鉄筋（資材） | B86: 工場でスパイラル筋を鉄骨柱へ取付ける場合は、「スパイラル筋取付」で単価資料を作成したか。また、見積りによる場合は費用の重複はないか。
B87: 物価資料掲載の取引数量、取引条件等に適応した単価資料を作成したか。
A88: スクラップ控除 | B88: スクラップ単価は物価資料等の掲載価格のうち「鉄屑 ヘビー Ｈ２」程度として単価資料を作成したか。
A89: 鉄筋運搬 | B89: 鉄筋運搬用のトラックの規格は、建築構造物の規模や敷地条件等により１０ｔ車での搬入が可能な場合は１０ｔ車を考慮したか。
A91: コンクリート
A92: チェック項目 | B92: チェック内容 | C92: 確認
C93: 単 | D93: ▼
A94: コンクリート | B94: 物価資料等で当該地域の生コン(レディーミクストコンクリート)単価を採用し資料を作成したか。
B95: 普通ポルトランドセメント以外のセメントを用いたコンクリートを使用する場合は、割増額もしくは割引額を用いて補正をするための資料を作成したか。
A96: 打設手間 | B96: 各部位のコンクリート打設工程表を作成し、当該地区の月別累年平均気温により構造体強度補正を決定したか。
A97: 構造体強度補正 | B97: 無筋コンクリートの適用となる箇所は、構造体強度補正の対象としていないか。
A100: 型枠
A101: チェック項目 | B101: チェック内容 | C101: 確認
C102: 単 | D102: ▼
A103: 型枠 | B103: 躯体の型枠は、基礎、地下、地上に区分し、構造別に対応した細目工種を適用したか。
B104: 「補助サポート」を別途計上していないか。
A105: コーン処理 | B105: 断熱材を打込む部位の型枠は、普通型枠にコーン加算をしたか。
A106: 型枠運搬 | B106: 型枠運搬用トラックの規格は、建築構造物の規模や敷地条件等により１０ｔ車での搬入が可能な場合は１０ｔ車を考慮したか。
A108: 鉄骨
A109: チェック項目 | B109: チェック内容 | C109: 確認
C110: 単 | D110: ▼
...
